 Dungeon Crawl Stone Soup version 0.27-a0-789-g6bb3289e1e (webtiles) character file.

Game seed: 8108914163391633967

1194863 sleeves the Ogre Mage (level 27, -6/182 HPs)
             Began as an Ogre Earth Elementalist on Mar 26, 2021.
             Was an Initiate of Gozag.
             Blown up by a cacodemon (15 damage)
             ... with a bolt of energy
             ... in Pandemonium on Mar 27, 2021.
             The game lasted 08:32:36 (171500 turns).

sleeves the Ogre Mage (Ogre Earth Elementalist)   Turns: 171500, Time: 08:32:37

Health: -6/182     AC: 37    Str: 24    XL:     27
Magic:  5/59       EV: 14    Int: 37    God:    Gozag
Gold:   6980       SH:  0    Dex: 13    Spells: 2/80 levels left

rFire    + + +     SeeInvis +   a - +9 giant spiked club (flame)
rCold    + + +     Faith    .   (shield currently unavailable)
rNeg     + + +     Spirit   .   (armour currently unavailable)
rPois    ∞         Reflect  .   t - -2 hat of the Alchemist {rElec rPois rF+ rC+ rN+ Will+ rMut rCorr}
rElec    +         Harm     .   O - +2 cloak {Will+}
rCorr    +         Rampage  .   (gloves unavailable)
rMut     +         Clarity  +   (boots unavailable)
Will     +++++                  X - macabre finger necklace {rN+}
Stlth    +++++++...             T - ring "Olluh" {rC+ Str+6 Dex+2 SInv}
HPRegen  0.40/turn              I - ring of Ubliv {+Fly rElec rF++ rN+ Int+6}
MPRegen  0.36/turn              L - ring of Weajer {Will++ Str-2 Int+6 Slay+5}

@: mighty, about to teleport, statue-form, resistant, disjoining, gold aura,
very slightly contaminated, hasted, studying 2 skills, invisible, quick
A: slow and powerful, torment resistance 1, boosted hp, large, unfitting armour,
(tough skin 1), agile 1, clarity, deformed body, high mp 1
}: 10/15 runes: barnacled, slimy, silver, iron, obsidian, icy, bone, abyssal,
glowing, gossamer
a: End Transformation, Renounce Religion, Evoke Flight, Potion Petition, Call
Merchant, Bribe Branch


You were in Pandemonium.
You worshipped Gozag.
Gozag was greatly pleased with you.
You were a living statue of rough stone.
You visited 16 branches of the dungeon, and saw 84 of its levels.
You visited Pandemonium 1 time, and saw 4 of its levels.
You visited the Abyss 3 times.
You visited 2 bazaars.
You visited 1 ziggurat, and saw 17 of its levels.
You also visited: Trove, Bailey and Desolation.

You collected 55256 gold pieces.
You spent 23151 gold pieces at shops.
You paid 25125 gold pieces to Gozag.

Inventory:

Hand Weapons
 a - a +9 giant spiked club of flaming (weapon)
   (You acquired it on level 4 of the Depths)
 l - a +9 vampiric giant spiked club
   (You took it off an ogre on level 6 of the Dungeon)
 q - a +9 spectral giant spiked club
   (You acquired it on level 2 of the Lair of Beasts)
 D - the +4 staff of Dispater
   (You took it off Dispater on level 7 of the Iron City of Dis)
 N - the +9 scythe "Iquat" {vorpal, Will+ Int+6}
   (You found it on level 10 of a ziggurat)

   It inflicts extra damage upon your enemies.
   It affects your intelligence (+6).
   It affects your willpower, your defense against some magical effects.
Armour
 t - the -2 hat of the Alchemist (worn) {rElec rPois rF+ rC+ rN+ Will+ rMut rCorr}
   (You bought it in a shop on level 1 of the Vaults)

   It protects you from fire.
   It protects you from cold.
   It insulates you from electricity.
   It protects you from poison.
   It protects you from negative energy.
   It affects your willpower, your defense against some magical effects.
   It provides partial protection from all sources of acid and corrosion.
   It protects you from mutation.
 B - a +2 robe of the Archmagi (melded)
   (You took it off Josephine on level 12 of the Dungeon)
 O - a +2 cloak of willpower (worn)
   (You bought it in a shop on level 6 of the Lair of Beasts)
Magical Staves
 b - a staff of conjuration
   (You found it on level 5 of the Vaults)
Jewellery
 f - the ring "Gogor" {rElec rPois rC+ Int+9 Slay-4}
   (You bought it in a shop on level 6 of the Lair of Beasts)

   [ring of poison resistance]

   It affects your intelligence (+9).
   It affects your accuracy and damage with ranged weapons and melee attacks
   (-4).
   It protects you from cold.
   It insulates you from electricity.
   It protects you from poison.
 u - the ring "Tiuwer" {+Blink Will+}
   (You found it on level 2 of the Realm of Zot)

   [ring of willpower]

   It affects your willpower, your defense against some magical effects.
   It lets you blink.
 y - the ring of the Dragon {rF+ Will+ EV+4 Str-2 SInv}
   (You found it on level 5 of the Vaults)

   [ring of evasion]

   It affects your evasion (+4).
   It affects your strength (-2).
   It protects you from fire.
   It affects your willpower, your defense against some magical effects.
   It lets you see invisible.
 A - the ring of Surprise {rElec rF+ Dex+6 Stlth-}
   (You found it on level 2 of the Realm of Zot)

   [ring of protection from fire]

   It affects your dexterity (+6).
   It protects you from fire.
   It insulates you from electricity.
   It makes you less stealthy.
 I - the ring of Ubliv (left fist) {+Fly rElec rF++ rN+ Int+6}
   (You bought it in a shop in the Vestibule of Hell)

   [ring of intelligence]

   It affects your intelligence (+6).
   It greatly protects you from fire.
   It insulates you from electricity.
   It protects you from negative energy.
   It lets you fly.
 K - the ring "Waefafa" {+Fly rF++ Dex+5 Stlth+}
   (You found it on level 4 of the Depths)

   [ring of flight]

   It affects your dexterity (+5).
   It greatly protects you from fire.
   It lets you fly.
   It makes you more stealthy.
 L - the ring of Weajer (on amulet) {Will++ Str-2 Int+6 Slay+5}
   (You found it on level 8 of a ziggurat)

   [ring of intelligence]

   It affects your strength (-2).
   It affects your intelligence (+6).
   It affects your accuracy and damage with ranged weapons and melee attacks
   (+5).
   It affects your willpower, your defense against some magical effects.
 R - the ring "Ataalesm" {rElec Will+ EV+4 Int+2 Dex-2}
   (You bought it in a shop on level 6 of the Dungeon)

   [ring of evasion]

   It affects your evasion (+4).
   It affects your intelligence (+2).
   It affects your dexterity (-2).
   It insulates you from electricity.
   It affects your willpower, your defense against some magical effects.
 T - the ring "Olluh" (right fist) {rC+ Str+6 Dex+2 SInv}
   (You found it in the Desolation of Salt)

   [ring of strength]

   It affects your strength (+6).
   It affects your dexterity (+2).
   It protects you from cold.
   It lets you see invisible.
 U - the ring of Haug {+Blink rC+ Int+6 Dex+3}
   (You found it on level 17 of a ziggurat)

   [ring of intelligence]

   It affects your intelligence (+6).
   It affects your dexterity (+3).
   It protects you from cold.
   It lets you blink.
 X - the macabre finger necklace (around neck) {rN+}
   (You found it on level 5 of the Vaults)

   [amulet of nothing]

   It enables you to equip an extra ring.
   It protects you from negative energy.
 Y - the ring "Xima" {+Fly Will+ Int+4 Stlth+}
   (You found it on level 17 of a ziggurat)

   [ring of willpower]

   It affects your intelligence (+4).
   It affects your willpower, your defense against some magical effects.
   It lets you fly.
   It makes you more stealthy.
Wands
 p - a wand of iceblast (92)
   (You found it on level 3 of the Dungeon)
 C - a wand of digging (10)
   (You found it on level 7 of the Dungeon)
 G - a wand of acid (53)
   (You found it on level 8 of the Dungeon)
Scrolls
 e - 9 scrolls of enchant weapon
 g - 17 scrolls of enchant armour
 h - 9 scrolls of fog
 k - 6 scrolls of amnesia
 n - 6 scrolls of magic mapping
 o - 4 scrolls of teleportation
 z - 4 scrolls of fear
 F - 7 scrolls of vulnerability
 H - 3 scrolls of holy word
 M - 2 scrolls of summoning
 P - 7 scrolls of immolation
 W - 39 scrolls of identify
Potions
 c - 7 potions of invisibility
 d - 7 potions of brilliance
 i - 15 potions of heal wounds
 j - 28 potions of curing
 m - 4 potions of haste
 r - 2 potions of magic
 s - 9 potions of might
 v - 6 potions of ambrosia
 w - 18 potions of mutation
 x - 4 potions of flight
 V - 3 potions of resistance
Miscellaneous
 Q - a phantom mirror
   (You found it on level 2 of the Lair of Beasts)


   Skills:
 + Level 25.7 Fighting
 - Level 22.0 Maces & Flails
 - Level 10.2 Dodging
 - Level 17.5 Stealth
 O Level 27 Spellcasting
 - Level 22.0 Conjurations
 + Level 20.1 Necromancy
 - Level 13.0 Translocations
 - Level 12.0 Transmutations
 + Level 23.5 Fire Magic
 + Level 24.4 Earth Magic
 - Level 4.4 Evocations


You had 2 spell levels left.
You knew the following spells:

 Your Spells              Type           Power      Damage    Failure   Level
a - Shatter               Erth           62%        3d46*     1%          9
b - Lehudib's Crystal Sp  Conj/Erth      61%        10d14     1%          8
c - Passage of Golubria   Tloc           N/A        N/A       1%          4
d - Necromutation         Tmut/Necr      53%        N/A       3%          8
e - Dispersal             Tloc           49%        N/A       1%          6
f - Fire Storm            Conj/Fire      60%        8d15      3%          9
g - Blink                 Tloc           N/A        N/A       0%          2
h - Apportation           Tloc           100%       N/A       0%          1
i - Statue Form           Tmut/Erth      74%        N/A       1%          6
j - Disjunction           Tloc           49%        N/A       12%         8
k - Death's Door          Necr           57%        N/A       10%         9
t - Borgnjor's Revivific  Necr           57%        N/A       1%          8

Your spell library contained the following spells:

 Spells                   Type           Power      Damage    Failure   Level
 Animate Skeleton         Necr           100%       N/A       0%          1
 Foxfire                  Conj/Fire      100%       2x1d9     0%          1
 Magic Dart               Conj           100%       1d8       0%          1
 Pain                     Necr           100%       1d9       0%          1
 Sandblast                Erth           100%       2d20      0%          1
 Shock                    Conj/Air       100%       1d9       0%          1
 Corpse Rot               Necr/Air       N/A        N/A       0%          2
 Passwall                 Tmut/Erth      92%        N/A       0%          2
 Searing Ray              Conj           100%       3d7       0%          2
 Sublimation of Blood     Necr           57%        N/A       0%          2
 Corona                   Hex            54%        N/A       1%          1
 Freeze                   Ice            100%       1d11      1%          1
 Sting                    Tmut/Pois      100%       1d8       1%          1
 Summon Small Mammal      Summ           100%       N/A       1%          1
 Call Imp                 Summ           49%        N/A       1%          2
 Ensorcelled Hibernation  Hex/Ice        98%        N/A       1%          2
 Poisonous Vapours        Pois/Air       98%        N/A       1%          2
 Slow                     Hex            49%        N/A       1%          2
 Swiftness                Air            49%        N/A       1%          2
 Conjure Flame            Conj/Fire      100%       6-21      0%          3
 Dazzling Flash           Conj/Hex       100%       N/A       0%          3
 Gell's Gravitas          Tloc           49%        N/A       0%          3
 Ignite Poison            Fire/Tmut/Pois 95%        N/A       0%          3
 Inner Flame              Hex/Fire       95%        N/A       0%          3
 Lesser Beckoning         Tloc           49%        N/A       0%          3
 Static Discharge         Conj/Air       92%        N/A       0%          3
 Stone Arrow              Conj/Erth      100%       3d13      0%          3
 Teleport Other           Tloc           98%        N/A       0%          3
 Vampiric Draining        Necr           57%        2d14      0%          3
 Animate Dead             Necr           57%        N/A       0%          4
 Dispel Undead            Necr           100%       3d31      0%          4
 Iskenderun's Mystic Bla  Conj/Tloc      100%       2d19      0%          4
 Petrify                  Tmut/Erth      100%       N/A       0%          4
 Sticky Flame             Conj/Fire      100%       2d11      0%          4
 Agony                    Necr           100%       N/A       0%          5
 Bolt of Magma            Conj/Fire/Erth 61%        4d24      0%          5
 Borgnjor's Vile Clutch   Necr/Erth      60%        N/A       0%          5
 Fireball                 Conj/Fire      60%        3d23      0%          5
 Lee's Rapid Deconstruct  Erth           62%        3d29*     0%          5
 Death Channel            Necr           57%        N/A       0%          6
 Iron Shot                Conj/Erth      61%        9d11      0%          6
 Starburst                Conj/Fire      60%        8x6d16    0%          6
 Call Canine Familiar     Summ           49%        N/A       1%          3
 Confusing Touch          Hex            49%        N/A       1%          3
 Frozen Ramparts          Ice            98%        1d11      1%          3
 Mephitic Cloud           Conj/Pois/Air  81%        N/A       1%          3
 Ozocubu's Armour         Ice            49%        N/A       1%          3
 Portal Projectile        Hex/Tloc       100%       N/A       1%          3
 Spider Form              Tmut/Pois      38%        N/A       1%          3
 Summon Guardian Golem    Hex/Summ       49%        N/A       1%          3
 Tukima's Dance           Hex            49%        N/A       1%          3
 Animate Armour           Summ/Erth      100%       N/A       1%          4
 Fulminant Prism          Conj/Hex       46%        3d21      1%          4
 Hailstorm                Conj/Ice       92%        3d18      1%          4
 Ice Form                 Ice/Tmut       76%        N/A       1%          4
 Leda's Liquefaction      Hex/Erth       48%        N/A       1%          4
 Alistair's Intoxication  Tmut/Pois      50%        N/A       1%          5
 Blade Hands              Tmut           47%        N/A       1%          5
 Lightning Bolt           Conj/Air       46%        1d66      1%          5
 Manifold Assault         Tloc           98%        N/A       1%          5
 Yara's Violent Unravell  Hex/Tmut       38%        3d15      1%          5
 Conjure Ball Lightning   Conj/Air       46%        3x3d16    1%          6
 Simulacrum               Ice/Necr       45%        N/A       1%          6
 Ignition                 Fire           61%        3d16      1%          8
 Infestation              Necr           57%        N/A       1%          8
 Airstrike                Air            24%        N/A       3%          4
 Cause Fear               Hex            24%        N/A       3%          4
 Olgreb's Toxic Radiance  Pois           49%        N/A       3%          4
 Summon Ice Beast         Ice/Summ       49%        N/A       3%          4
 Summon Lightning Spire   Summ/Air       49%        N/A       3%          4
 Freezing Cloud           Conj/Ice/Air   40%        6-21      3%          6
 Metabolic Englaciation   Hex/Ice        24%        N/A       11%         5
 Silence                  Hex/Air        24%        N/A       11%         5
 Malign Gateway           Summ/Tloc      39%        N/A       22%         7
 Chain Lightning          Conj/Air       46%        N/A       26%         8
 Invisibility             Hex            49%        N/A       50%         6
 Shadow Creatures         Summ           N/A        N/A       50%         6
 Ozocubu's Refrigeration  Ice            24%        4d9       97%         7
 Summon Hydra             Summ           24%        N/A       97%         7
 Discord                  Hex            24%        N/A       100%        8
 Absolute Zero            Ice            24%        ∞         100%        9
 Tornado                  Air            24%        N/A       100%        9


Dungeon Overview and Level Annotations

Branches:
Dungeon (15/15)            Temple (1/1) D:6            Lair (6/6) D:9
 Shoals (4/4) Lair:4       Spider (4/4) Lair:3        Slime (5/5) Lair:6
    Orc (2/2) D:10            Elf (3/3) Orc:2        Vaults (5/5) D:14
  Crypt (0/3) Vaults:3     Depths (5/5) D:15           Hell (visited)
    Dis (7/7) Hell            Geh (7/7) Hell            Coc (7/7) Hell
    Tar (7/7) Hell            Zot (5/5) Depths:5     Bailey (visited)
Desolation (visited)

Altars:
Ashenzari
Cheibriados
Dithmenos
Elyvilon
Fedhas
Gozag
Hepliaklqana
Kikubaaqudgha
Makhleb
Nemelex Xobeh
Okawaru
Qazlal
Ru
Sif Muna
Trog
Uskayaw
Vehumet
Wu Jian
Xom
Yredelemnul
Zin
The Shining One
Beogh
Jiyva

Shops:
D:1 [(?*   D:2 [!:   D:4 (   D:6 =   D:12 :([   Orc:2 (!!:(=:[   Elf:1 ?[!*(
Elf:2 !   Elf:3 [   Lair:6 :=?=[[[=   Vaults:1 ([*   Hell =[?[[(   Zot:1 **
Depths:1 *

Portals:
Hell: Depths:1 Depths:2 Depths:3 Depths:4 Depths:5
Abyss: Depths:4
Pandemonium: Depths:3

Annotations:
D:3 1 exclusion
D:5 1 runed translucent door, dang3rdave's ghost, weakling GrDe
D:14 1 runed translucent door
Lair:5 exclusion: 3 oklob plants
Shoals:4 2 runed translucent doors, Fyciomp's ghost, adept MiWn
Slime:5 Royal Jelly
Elf:2 5 runed translucent doors
Vaults:2 1 transporter
Vaults:3 Mennas
Depths:5 Gyroff's ghost, legendary DsFi
Coc:6 2 runed doors
Zot:2 2 transporters


Innate Abilities, Weirdness & Mutations

You are a living statue of rough stone.
Your actions are slow, but your melee attacks are powerful.
You are resistant to unholy torment.
Your maximum health is greatly increased.
You are immune to poison.
Your equipment is partially melded.
You are too large for most types of armour.
((You have tough skin. (AC +1)))
You are agile. (Dex +2)
You possess an exceptional clarity of mind.
Armour fits poorly on your strangely shaped body.
You have an increased reservoir of magic. (+10% MP)


Message History

You hear a horrible gurgling sound! x2
The sixfirhy misses you. The sixfirhy hits you. The sixfirhy shocks you.
You resist. The sixfirhy misses you. The sixfirhy hits you.
The sixfirhy shocks you. You resist.
Mnoleg is engulfed in blazing flames.
Mnoleg gestures.
The dungeon shakes, a horrible noise fills the air, and a portal to some otherworldly place is opened!
The cacodemon is engulfed in blazing flames.
Casting: Fire Storm (dangerous; 4% risk of failure)
Confirm with . or Enter, or press ? or * to list all spells.
Aiming: Fire Storm (dangerous; 4% risk of failure)
Press: ? - help, Dir - move target, f/p - fire vortex
Aim: a fire vortex (flame, friendly)
Okay, then.
The sixfirhy hits you! The sixfirhy shocks you. You resist.
The sixfirhy completely misses you.
The cacodemon is engulfed in blazing flames.
Your fire vortex barely misses something.
Something claws your fire vortex!!
Something tentacle-slaps your fire vortex.
Something gores your fire vortex!!
Your fire vortex dissipates!
Casting: Fire Storm (dangerous; 4% risk of failure)
Confirm with . or Enter, or press ? or * to list all spells.
You feel a surge of power! Really attack near your fire vortices?
The dungeon rumbles!
You kill the sixfirhy! x2; Your fire vortex dissipates! x2
Your fire vortex is almost destroyed.
Your fire vortex dissipates!
Your fire vortex is moderately damaged.
Your fire vortex dissipates!
Your fire vortex is almost destroyed.
Your fire vortex dissipates!
You kill the white very ugly thing!
Mnoleg is severely wounded.
Your fire vortex dissipates!
Ka-crash!
You hear a horrible gurgling sound! x2; You hear a shout!
Something hits Mnoleg.
Something burns Mnoleg!
Mnoleg resists.
A green very ugly thing comes into view.
A cyan ugly thing comes into view. x2
Mnoleg is engulfed in blazing flames.
Mnoleg gestures at you.
The bolt of lightning hits your fire vortex!
Your fire vortex resists.
Found 15 gold pieces.
Unknown command.
Casting: Shatter (dangerous; 2% risk of failure)
Confirm with . or Enter, or press ? or * to list all spells.
Aiming: Fire Storm (dangerous; 4% risk of failure)
Press: ? - help, Dir - move target You feel a strong surge of power!
A raging storm of fire appears!
The great blast of fire engulfs Mnoleg!!
Mnoleg partially resists.
Mnoleg is almost dead.
The cyan ugly thing gurgles horribly!
Mnoleg is engulfed in blazing flames.
Mnoleg calls on the powers of chaos!
Casting: Fire Storm (dangerous; 4% risk of failure)
Confirm with . or Enter, or press ? or * to list all spells.
Aiming: Fire Storm (dangerous; 4% risk of failure)
Press: ? - help, Dir - move target, f - fire vortex
Aim: a fire vortex (flame, severely damaged, friendly)
You feel a strong surge of power!
A raging storm of fire appears!
The great blast of fire engulfs Mnoleg!!!
Mnoleg partially resists.
Mnoleg is almost dead.
You hear a horrible gurgling sound!
Mnoleg is engulfed in blazing flames.
Mnoleg calls on the powers of chaos!
The cyan ugly thing basks in the mutagenic energy from its kin and changes!
Casting: Fire Storm (dangerous; 4% risk of failure)
Confirm with . or Enter, or press ? or * to list all spells.
Aiming: Fire Storm (dangerous; 4% risk of failure)
Press: ? - help, Dir - move target, p - fire vortex You feel a strong surge of power!
A raging storm of fire appears!
The great blast of fire engulfs Mnoleg!!!
Mnoleg partially resists.
You kill Mnoleg!
* * * LOW MAGIC WARNING * * *
You hear a horrible gurgling sound! x2; You hear a grinding noise.
A cyan very ugly thing comes into view.
Something closely misses your fire vortex.
Something claws your fire vortex!! Something freezes your fire vortex!!!
Your fire vortex is frozen!
Your fire vortex dissipates!
You feel your intelligence returning.
You hear a grinding noise.
Your fire vortex misses the cacodemon.
Your fire vortex barely misses the green very ugly thing.
The cacodemon becomes distracted by the nearby gold, dreaming of imaginary riches.
You feel a bit more experienced.
You feel your intelligence returning.
You feel yourself come back to life.
The green very ugly thing becomes distracted by the nearby gold, dreaming of imaginary riches.
Casting: Fire Storm (dangerous; 3% risk of failure)
Confirm with . or Enter, or press ? or * to list all spells.
You feel a surge of power!
You turn into a living statue of rough stone.
Your +2 robe of the Archmagi melds into your body.
You feel strangely numb.
The green very ugly thing gurgles horribly!
* * * LOW MAGIC WARNING * * *
Unknown command.
Your +9 giant spiked club of flaming bursts into flame!
a - a +9 giant spiked club of flaming (weapon)
The green very ugly thing is no longer distracted by gold.
You are too injured to fight recklessly!
You completely miss the green very ugly thing.
The green very ugly thing closely misses you.
You barely miss the green very ugly thing.
The green very ugly thing closely misses you.
You sock the green very ugly thing! You burn the green very ugly thing.
The green very ugly thing is lightly wounded.
The green very ugly thing tentacle-slaps you but does no damage.
You crush the green very ugly thing like a grape!!!!
You burn the green very ugly thing!
You kill the green very ugly thing!
You hear a shout!
You hear a horrible gurgling sound!
The cyan very ugly thing tail-slaps you but does no damage.
You closely miss the cyan very ugly thing.
A cacodemon comes into view.
The cyan very ugly thing tail-slaps you but does no damage.
You closely miss the cyan very ugly thing.
The cyan very ugly thing completely misses you.
You stick the cyan very ugly thing like a pincushion!!!!
You burn the cyan very ugly thing!!
You kill the cyan very ugly thing!
You hear a horrible gurgling sound!
You hear a screech!
You see here 13 gold pieces.
An orange demon comes into view.
The cacodemon misses you. The cacodemon closely misses you.
A brown ugly thing comes into view.
The cacodemon gestures at you. The bolt of energy hits you.
You barely miss the cacodemon.
The orange demon becomes distracted by the nearby gold, dreaming of imaginary riches.
The cacodemon becomes distracted by the nearby gold, dreaming of imaginary riches.
You skewer the cacodemon like a kebab!!!
You burn the cacodemon.
The cacodemon is no longer distracted by gold.
The cacodemon is severely wounded.
You hear a horrible gurgling sound!
The brown ugly thing barely misses you. The cacodemon gestures at you.
The bolt of energy misses you.
You bludgeon the cacodemon!! You burn the cacodemon.
The cacodemon is almost dead.
The brown ugly thing barely misses you. The cacodemon misses you.
The cacodemon closely misses you.
A green ugly thing comes into view.
You bludgeon the cacodemon!! You burn the cacodemon.
You kill the cacodemon!
The brown ugly thing closely misses you.
You bludgeon the brown ugly thing!! You burn the brown ugly thing.
The brown ugly thing is heavily wounded.
The orange demon is no longer distracted by gold.
The brown ugly thing pecks you.
You are splashed with acid.
You resist.
You bludgeon the brown ugly thing!! You burn the brown ugly thing!
The brown ugly thing is almost dead.
The green ugly thing basks in the mutagenic energy from its kin and changes!
A cyan ugly thing comes into view.
The brown ugly thing pecks you but does no damage.
You beat the brown ugly thing like a drum!!!
You burn the brown ugly thing!!
You kill the brown ugly thing!
The brown ugly thing basks in the mutagenic energy from its kin and changes!
You sock the cyan ugly thing! You burn the cyan ugly thing.
You kill the cyan ugly thing!
The cyan ugly thing becomes distracted by the nearby gold, dreaming of imaginary riches.
The orange demon becomes distracted by the nearby gold, dreaming of imaginary riches.
A red ugly thing comes into view.
The orange demon screeches!
The cyan ugly thing gurgles horribly! x2
You bludgeon the green ugly thing!! You burn the green ugly thing!
The green ugly thing is severely wounded.
You hear a horrible gurgling sound!
The green ugly thing stings you but does no damage.
The cyan ugly thing basks in the mutagenic energy from its kin and changes!
You perforate the green ugly thing like a sieve!!!!
You burn the green ugly thing.
You kill the green ugly thing!
The cyan ugly thing is no longer distracted by gold.
You flatten the red ugly thing like a pancake!!!
You burn the red ugly thing!
The red ugly thing is almost dead.
The orange demon is no longer distracted by gold.
The red ugly thing headbutts you but does no damage.
The cyan ugly thing stings you but does no damage.
You spit the cyan ugly thing like a pig!!!!
You burn the cyan ugly thing.
You kill the cyan ugly thing!
The red ugly thing headbutts you.
You are engulfed in flames.
You resist.
You spit the red ugly thing like a pig!!!
You burn the red ugly thing.
You kill the red ugly thing!
The cyan ugly thing becomes distracted by the nearby gold, dreaming of imaginary riches.
The orange demon completely misses you.
The cyan ugly thing is no longer distracted by gold.
The cyan ugly thing becomes distracted by the nearby gold, dreaming of imaginary riches.
The red ugly thing gores you but does no damage.
The orange demon stings you but does no damage.
The orange demon hits you but does no damage.
You see here 14 gold pieces.
The cyan ugly thing gurgles horribly!
You sock the orange demon! You burn the orange demon.
The orange demon is moderately wounded.
The cyan ugly thing is no longer distracted by gold.
The red ugly thing closely misses you.
The orange demon completely misses you. x2
You hammer the orange demon like a gong!!!
You burn the orange demon!
You kill the orange demon!
The red ugly thing becomes distracted by the nearby gold, dreaming of imaginary riches.
The cyan ugly thing misses you.
The red ugly thing gurgles horribly!
You closely miss the cyan ugly thing. The cyan ugly thing barely misses you.
You pound the red ugly thing like an anvil!!!!
You burn the red ugly thing.
You kill the red ugly thing!
The cyan ugly thing engulfs you but does no damage.
You impale the cyan ugly thing!! You burn the cyan ugly thing.
The cyan ugly thing is heavily wounded.
The cyan ugly thing becomes distracted by the nearby gold, dreaming of imaginary riches.
You see here 24 gold pieces.
You catch the helpless cyan ugly thing completely off-guard!
You stick the cyan ugly thing like a pincushion!!!!
You burn the cyan ugly thing!
You kill the cyan ugly thing!
You now have 7905 gold pieces (gained 24).
You now have 7918 gold pieces (gained 13).
You now have 7942 gold pieces (gained 24).
You see here 13 gold pieces.
Casting: Statue Form (safe; 1% risk of failure)
Confirm with . or Enter, or press ? or * to list all spells.
Aiming: Lehudib's Crystal Spear (mildly dangerous; 1% risk of failure)
Press: ? - help, Shift-Dir - straight line, f - shining eye
Aim: a shining eye (0% to evade)
The crystal spear hits the shining eye!!!!
You kill the shining eye!
* * * LOW MAGIC WARNING * * *
You now have 7949 gold pieces (gained 7).
You now have 7963 gold pieces (gained 14).
You now have 7976 gold pieces (gained 13).
You now have 7993 gold pieces (gained 17).
You now have 7999 gold pieces (gained 6).
You now have 8027 gold pieces (gained 28).
You now have 8049 gold pieces (gained 22).
You now have 8060 gold pieces (gained 11).
You now have 8066 gold pieces (gained 6).
You now have 8073 gold pieces (gained 7).
Your transformation is almost over.
You now have 8093 gold pieces (gained 20).
You now have 8132 gold pieces (gained 39).
You revert to your normal fleshy form.
Your +2 robe of the Archmagi unmelds from your body.
You feel powerful.
Found a glowing rune of Zot.
You pick up the glowing rune and feel its power.
You now have 10 runes.
Press } to see all the runes you have collected.
Unknown command.
You now have 8138 gold pieces (gained 6).
W - 39 scrolls of identify (gained 1)
You now have 8155 gold pieces (gained 17).
You start resting.
You start resting.
Magic restored.
You start resting.
HP restored.
Found 20 gold pieces.
You now have 8170 gold pieces (gained 15).
Unknown command.
Okay, then.
Unknown command.
Unknown command.
Unknown command.
Unknown command.
Unknown command.
Unknown command.
Unknown command.
Unknown command.
Unknown command.
Casting: Lehudib's Crystal Spear (mildly dangerous; 1% risk of failure)
Confirm with . or Enter, or press ? or * to list all spells.
You feel a surge of power!
Your body is suffused with negative energy!
A large abomination comes into view.
The large abomination closely misses you.
Casting: Necromutation (dangerous; 3% risk of failure)
Confirm with . or Enter, or press ? or * to list all spells.
Aiming: Lehudib's Crystal Spear (mildly dangerous; 1% risk of failure)
Press: ? - help, Shift-Dir - straight line, f - large abomination
Aim: a large abomination (9% to evade)
You feel a surge of power!
The crystal spear hits the large abomination!!!!
You destroy the large abomination!
Casting: Lehudib's Crystal Spear (mildly dangerous; 1% risk of failure)
Confirm with . or Enter, or press ? or * to list all spells.
You feel a surge of power!
The dungeon rumbles!
Ka-crash!
Casting: Shatter (dangerous; 1% risk of failure)
Confirm with . or Enter, or press ? or * to list all spells.
You feel a surge of power!
The dungeon rumbles!
Ka-crash!
You hear a howl!
You hear a shout!
You hear a screech!
You hear a shout!
You hear a screech!
You hear a shout!
You hear a bleat!
You hear a screech!
You hear a grinding noise.
You hear a grinding noise. x2
Casting: Shatter (dangerous; 1% risk of failure)
Confirm with . or Enter, or press ? or * to list all spells.
You feel a surge of power!
The dungeon rumbles!
You kill the chaos spawn!
The chaos spawn degenerates into a cloud of primal chaos!
Ka-crash!
You hear a screech!
You hear a shout!
You hear a screech!
You hear a shout!
You hear a screech! x2; You hear a chilling moan.
You hear a screech!
You hear a shout! x2; You hear a screech!
A tentacled monstrosity comes into view.
You hear a grinding noise. x2
You sock the tentacled monstrosity! You burn the tentacled monstrosity.
The tentacled monstrosity is lightly wounded.
The tentacled monstrosity barely misses you. x2
The tentacled monstrosity closely misses you.
The tentacled monstrosity grabs you.
The tentacled monstrosity constricts you.
Unknown command.
You bludgeon the tentacled monstrosity!!
You burn the tentacled monstrosity.
The tentacled monstrosity is moderately wounded.
You hear a grinding noise.
You impale the tentacled monstrosity!! You burn the tentacled monstrosity!
The tentacled monstrosity is severely wounded.
The tentacled monstrosity tentacle-slaps you.
The tentacled monstrosity tentacle-slaps you! x2
The tentacled monstrosity constricts you!
Casting: Shatter (dangerous; 1% risk of failure)
Confirm with . or Enter, or press ? or * to list all spells.
You don't know that spell.
Casting: Shatter (dangerous; 1% risk of failure)
Confirm with . or Enter, or press ? or * to list all spells.
Aiming: Lehudib's Crystal Spear (mildly dangerous; 1% risk of failure)
Press: ? - help, Shift-Dir - straight line, f - tentacled monstrosity
Aim: a tentacled monstrosity (severely wounded, constricting you, 5% to evade)
You feel a surge of power!
The crystal spear hits the tentacled monstrosity!!!!
You kill the tentacled monstrosity!
* * * LOW MAGIC WARNING * * *
You hear a grinding noise.
You now have 8197 gold pieces (gained 27).
A neqoxec comes into view.
You start resting.
A neqoxec is nearby!
You bludgeon the neqoxec!! You burn the neqoxec.
You kill the neqoxec!
You start resting.
A chaos spawn comes into view.
A chaos spawn is nearby!
A chaos spawn is nearby!
You impale the chaos spawn!! You burn the chaos spawn!
You kill the chaos spawn!
The chaos spawn degenerates into a cloud of primal chaos!
You hear a shout! x2; You hear a screech!
You start resting.
A cacodemon is nearby!
A cacodemon is nearby!
You perforate the cacodemon like a sieve!!!
You burn the cacodemon.
The cacodemon is heavily wounded.
The cacodemon barely misses you. x2
You flatten the cacodemon like a pancake!!!
You burn the cacodemon!!
You kill the cacodemon!
You hear a shout!
You hear a trumpeting!
You start resting.
A cacodemon comes into view.
The cacodemon hits you but does no damage.
The cacodemon hits you!
You sock the cacodemon! You burn the cacodemon.
The cacodemon is lightly wounded.
You stick the cacodemon like a pincushion!!!
You burn the cacodemon.
The cacodemon is heavily wounded.
You hear an angry hiss.
The cacodemon hits you but does no damage.
The cacodemon hits you.
You hammer the cacodemon like a gong!!! You burn the cacodemon!!
You kill the cacodemon!
An orange demon comes into view.
An orange demon is nearby!
You flatten the orange demon like a pancake!!!
You burn the orange demon!
You kill the orange demon!
You hear two shouts!
A sixfirhy comes into view.
You puncture the sixfirhy! You burn the sixfirhy.
The sixfirhy is moderately wounded.
A sixfirhy comes into view.
The sixfirhy hits you but does no damage.
The sixfirhy completely misses you.
You closely miss the sixfirhy.
The sixfirhy becomes distracted by the nearby gold, dreaming of imaginary riches.
You sock the sixfirhy! You burn the sixfirhy.
The sixfirhy is moderately wounded.
You hammer the sixfirhy like a gong!!! You burn the sixfirhy!
You kill the sixfirhy!
The sixfirhy is no longer distracted by gold.
An orange demon comes into view.
You crush the sixfirhy like a grape!!! You burn the sixfirhy!
You kill the sixfirhy!
The orange demon becomes distracted by the nearby gold, dreaming of imaginary riches.
The orange demon screeches!
You bludgeon the orange demon!! You burn the orange demon.
The orange demon is no longer distracted by gold.
The orange demon is severely wounded.
You hear a screech!
The orange demon becomes distracted by the nearby gold, dreaming of imaginary riches.
The orange demon screeches!
You skewer the orange demon like a kebab!!!
You burn the orange demon.
You kill the orange demon!
You start resting.
An orange demon comes into view.
An orange demon is nearby!
You strike the helpless orange demon from behind!
You pound the orange demon like an anvil!!!!
You burn the orange demon!
You kill the orange demon!
You now have 8274 gold pieces (gained 77).
An orange demon comes into view.
An orange demon is nearby!
You start resting.
An orange demon is nearby!
The orange demon screeches!
You skewer the orange demon like a kebab!!!
You burn the orange demon!
You kill the orange demon!
You hear a chilling moan.
You now have 8282 gold pieces (gained 8).
You start resting.
A chaos spawn comes into view.
You start resting.
A chaos spawn is nearby!
You barely miss the chaos spawn. The chaos spawn misses you.
You puncture the chaos spawn! You burn the chaos spawn.
The chaos spawn is heavily wounded.
The chaos spawn hits you! The chaos spawn freezes you. You resist.
You barely miss the chaos spawn.
The chaos spawn is heavily wounded.
The chaos spawn gores you.
You are engulfed in flames.
You resist.
You closely miss the chaos spawn.
The chaos spawn is heavily wounded.
A chaos spawn is nearby!
You barely miss the chaos spawn.
The chaos spawn is heavily wounded.
The chaos spawn gores you!
You feel agile all of a sudden.
You pound the chaos spawn like an anvil!!!
You burn the chaos spawn.
You kill the chaos spawn!
The chaos spawn degenerates into a cloud of primal chaos!
You start resting.
Your transformation is almost over.
You start resting.
You feel yourself come back to life.
You start resting.
A cacodemon comes into view.
You see here 17 gold pieces.
Found a chain mail.
Casting: Lehudib's Crystal Spear (mildly dangerous; 1% risk of failure)
Confirm with . or Enter, or press ? or * to list all spells.
You feel a surge of power!
Your body is suffused with negative energy!
A cacodemon comes into view.
A sixfirhy comes into view.
A sixfirhy comes into view.
A chaos spawn comes into view.
You feel a little less agile now.
An orange demon and a large abomination come into view.
A large abomination comes into view.
The large abomination moves out of view.
The orange demon moves out of view.
A sixfirhy comes into view. x2
The sixfirhy moves out of view.
The sixfirhy hits you. The sixfirhy shocks you. You resist.
The sixfirhy hits you but does no damage.
The sixfirhy hits you! The sixfirhy shocks you. You resist.
There is an open door here.
The orange demon screeches!
You flatten the sixfirhy like a pancake!!!
You burn the sixfirhy.
You kill the sixfirhy!
You hear a shout!
You hear a screech!
You hear a shout!
You hear a grinding noise.
A sixfirhy comes into view.
You hear a grinding noise.
You see here 9 gold pieces.
An orange demon comes into view.
A sixfirhy comes into view.
The sixfirhy hits you!
* * * LOW HITPOINT WARNING * * *
The sixfirhy shocks you. You resist.
* * * LOW HITPOINT WARNING * * *
The sixfirhy hits you!
* * * LOW HITPOINT WARNING * * *
The sixfirhy shocks you. You resist.
* * * LOW HITPOINT WARNING * * *
The sixfirhy moves out of view.
Casting: Necromutation (dangerous; 3% risk of failure)
Confirm with . or Enter, or press ? or * to list all spells.
You feel a surge of power!
The dungeon rumbles!
You kill the sixfirhy!
A door shatters! x3
You kill the orange demon!
You destroy the large abomination!
A door shatters! x3
You kill the orange demon!
A cacodemon comes into view.
The cacodemon shouts!
The cacodemon is lightly wounded.
A door shatters! x2
Ka-crash!
You hear a shout!
You hear a screech! x2; You hear a shout! x6
You hear a screech!
You hear a shout! x4; You hear an angry growl.
A sixfirhy comes into view.
A neqoxec comes into view.
You hear a grinding noise. x2
The cacodemon gestures at the wall of the weird stuff which makes up Pandemonium.
Some weird stuff shatters into small pieces.
A cacodemon comes into view.
The sixfirhy moves out of view.
Found a leather armour.
Okay, then.
Unknown command.
A cacodemon comes into view.
The cacodemon becomes distracted by the nearby gold, dreaming of imaginary riches.
An orange demon comes into view.
You hear a grinding noise.
You see here 6 gold pieces.
Unknown command.
A cacodemon comes into view.
The cacodemon gestures at the wall of the weird stuff which makes up Pandemonium.
Some weird stuff shatters into small pieces.
You hear a grinding noise.
Found a scroll of identify and a potion of attraction.
You see here 7 gold pieces.
An orange demon comes into view.
The cacodemon becomes distracted by the nearby gold, dreaming of imaginary riches.
Some weird stuff shatters into small pieces.
The sixfirhy barely misses you.
You hear a grinding noise.
The orange demon moves out of view.
A cacodemon comes into view.
Casting: Shatter (dangerous; 1% risk of failure)
Confirm with . or Enter, or press ? or * to list all spells.
You feel a surge of power!
The dungeon rumbles!
You kill the sixfirhy! x2
The cacodemon is no longer distracted by gold.
The cacodemon shouts!
The cacodemon is heavily wounded.
The cacodemon is no longer distracted by gold.
The cacodemon shouts!
You kill the orange demon!
A door shatters!
The cacodemon is lightly wounded.
Ka-crash!
You hear a shout! x2; You hear a screech!
You hear a shout! x2
The cacodemon becomes distracted by the nearby gold, dreaming of imaginary riches.
A neqoxec comes into view.
Some weird stuff shatters into small pieces.
The orange demon becomes distracted by the nearby gold, dreaming of imaginary riches.
You hear a grinding noise. x2
A cacodemon comes into view.
You hear a shout!
The neqoxec shouts! 2 sixfirhies and an orange demon come into view.
Unknown command.
The orange demon screeches!
The orange demon is no longer distracted by gold.
The cacodemon gestures at you.
Strange energies course through your body.
You feel odd for a moment.
You hear a grinding noise.
The cacodemon gestures next to the cacodemon.
Some weird stuff shatters into small pieces.
The orange demon becomes distracted by the nearby gold, dreaming of imaginary riches.
The sixfirhy moves out of view.
You hear a shout! x2
Casting: Shatter (dangerous; 1% risk of failure)
Confirm with . or Enter, or press ? or * to list all spells.
You feel a surge of power!
The dungeon rumbles!
The cacodemon is heavily wounded.
You kill the sixfirhy!
The cacodemon is almost dead.
You kill the orange demon!
The neqoxec is lightly wounded.
The cacodemon is lightly wounded.
You kill the sixfirhy!
The cacodemon is no longer distracted by gold.
The cacodemon is heavily wounded.
The cacodemon is lightly wounded.
Ka-crash!
You hear a shout! x2; You hear an angry buzzing noise.
A sixfirhy comes into view. x2
The sixfirhy becomes distracted by the nearby gold, dreaming of imaginary riches.
The cacodemon becomes distracted by the nearby gold, dreaming of imaginary riches.
The cacodemon gestures at you. You resist with almost no effort.
The cacodemon hits you.
* * * LOW HITPOINT WARNING * * *
The cacodemon hits you!
* * * LOW HITPOINT WARNING * * *
You hear a grinding noise.
A neqoxec comes into view.
You hear a grinding noise. x2; The cacodemon shouts!
You hear a screech!
Okay, then.
Casting: Shatter (dangerous; 1% risk of failure)
Confirm with . or Enter, or press ? or * to list all spells.
Aiming: Passage of Golubria (safe; 1% risk of failure)
Press: ? - help, Dir - move target You feel a surge of power!
The cacodemon hits you!!
* * * LOW HITPOINT WARNING * * *
The cacodemon misses you.
The neqoxec becomes distracted by the nearby gold, dreaming of imaginary riches. x2
You hear a grinding noise.
You enter the passage of Golubria.
A cacodemon comes into view.
The cacodemon becomes distracted by the nearby gold, dreaming of imaginary riches. x2
A chaos spawn comes into view.
There is a passage of Golubria here.
You cannot drink potions in your current state! [a] - 184 gold - might and brilliance [b] - 374 gold - invisibility, might and heal wounds [c] - 312 gold - brilliance and magic Purchase which effect?
You fade into invisibility!
You feel very mighty all of a sudden.
You feel much better.
The cacodemon shouts!
The chaos spawn gives a chilling moan.
The cacodemon shouts!
You hear a shout!
The cacodemon is no longer distracted by gold.
You hear a grinding noise.
An orange demon comes into view.
You are very lightly contaminated with residual magic.
The cacodemon becomes distracted by the nearby gold, dreaming of imaginary riches.
The sixfirhy becomes distracted by the nearby gold, dreaming of imaginary riches.
The cacodemon shouts!
You hit the sixfirhy. You burn the sixfirhy.
The sixfirhy is moderately wounded.
A large abomination comes into view.
You completely miss the cacodemon.
The cacodemon is moderately wounded.
The cacodemon is no longer distracted by gold. x2
The cacodemon becomes distracted by the nearby gold, dreaming of imaginary riches.
You hear a grinding noise.
The cacodemon becomes distracted by the nearby gold, dreaming of imaginary riches.
The cacodemon hits you!
* * * LOW HITPOINT WARNING * * *
The cacodemon hits you!!
* * * LOW HITPOINT WARNING * * *
You hear a grinding noise.
Okay, then.
Blink to where?
Press: ? - help, Dir - move target
As you read the scroll of blinking, it crumbles to dust.
You hear a grinding noise.
You hear a grinding noise.
You hear a grinding noise. x3
A sixfirhy comes into view.
The sixfirhy misses you.
You hear a grinding noise.
You see here 17 gold pieces.
You feel yourself come back to life. The sixfirhy hits you.
* * * LOW HITPOINT WARNING * * *
The sixfirhy shocks you. You resist.
* * * LOW HITPOINT WARNING * * *
The sixfirhy closely misses you. The sixfirhy hits you.
* * * LOW HITPOINT WARNING * * *
The sixfirhy shocks you. You resist.
* * * LOW HITPOINT WARNING * * *
The sixfirhy completely misses you.
You hear a grinding noise.
Casting: Passage of Golubria (safe; 1% risk of failure)
Confirm with . or Enter, or press ? or * to list all spells.
You feel a surge of power!
Your body is healed in an amazingly painful way.
* * * LOW MAGIC WARNING * * *
You hear a grinding noise.
Casting: Borgnjor's Revivification (dangerous; 1% risk of failure)
Confirm with . or Enter, or press ? or * to list all spells.
You feel a surge of power!
You turn into a living statue of rough stone.
Your +2 robe of the Archmagi melds into your body.
You feel strangely numb.
* * * LOW MAGIC WARNING * * *
You bludgeon the cacodemon!! You burn the cacodemon.
The cacodemon is moderately wounded.
The sixfirhy hits you! The sixfirhy shocks you. You resist.
The sixfirhy misses you.
The cacodemon hits you but does no damage. x2
The cacodemon hits you.
The cacodemon hits you but does no damage.
You closely miss the cacodemon.
The cacodemon is moderately wounded.
The sixfirhy hits you! The sixfirhy shocks you. You resist.
The sixfirhy barely misses you. x3
The sixfirhy hits you but does no damage. x2
You hear a grinding noise.
The cacodemon hits you but does no damage. x2
You skewer the cacodemon like a kebab!!!!!
You burn the cacodemon.
You kill the cacodemon!
You hear a shout!
You hear a screech! x2; You hear a shout!
The sixfirhy completely misses you. The sixfirhy barely misses you.
Your Necromancy skill increases to level 20!
You hear a grinding noise.
You see here 13 gold pieces.
You hear a grinding noise. x2
You see here 4 gold pieces.
You perforate the chaos spawn like a sieve!!!
You burn the chaos spawn.
You kill the chaos spawn!
The chaos spawn degenerates into a cloud of primal chaos!
You bludgeon the chaos spawn!! You burn the chaos spawn!
You kill the chaos spawn!
The chaos spawn degenerates into a cloud of primal chaos!
You closely miss the cacodemon.
The cacodemon is lightly wounded.
The cacodemon misses you. The cacodemon closely misses you.
You impale the cacodemon!! You burn the cacodemon!
The cacodemon is heavily wounded.
The sixfirhy becomes distracted by the nearby gold, dreaming of imaginary riches.
The cacodemon becomes distracted by the nearby gold, dreaming of imaginary riches.
The cacodemon gestures at you.
Strange energies course through your body.
You feel odd for a moment.
You see here 13 gold pieces.
Magic courses through your body. The cacodemon gestures at you.
The bolt of energy hits you.
You beat the cacodemon like a drum!!!
You burn the cacodemon!
You kill the cacodemon!
You hear a shout!
You hear a screech! x2; You hear a shout!
You hear a screech!
You flicker for a moment.
You beat the cacodemon like a drum!!!
You burn the cacodemon.
The cacodemon is heavily wounded.
You hear a screech! x2
You crush the cacodemon like a grape!!! You burn the cacodemon.
You kill the cacodemon!
You puncture the cacodemon! You burn the cacodemon.
The cacodemon is lightly wounded.
The cacodemon hits you but does no damage.
The cacodemon misses you.
You skewer the cacodemon like a kebab!!!
You burn the cacodemon!
The cacodemon is severely wounded.
You flicker back into view.
You hear a screech!
You hear a shout!
You hear a screech!
The cacodemon hits you but does no damage.
The cacodemon hits you!
You hear a grinding noise.
You perforate the cacodemon like a sieve!!!
You burn the cacodemon!
You kill the cacodemon!
You beat the cacodemon like a drum!!!
You burn the cacodemon!
The cacodemon is heavily wounded.
You hear a snapping sound.
You impale the cacodemon!! You burn the cacodemon.
The cacodemon is almost dead.
You hear a shout!
The cacodemon gestures at you. The bolt of energy hits you.
You hear a screech!
You crush the cacodemon like a grape!!! You burn the cacodemon.
You kill the cacodemon!
You hear a grinding noise.
You barely miss the cacodemon.
The cacodemon is lightly wounded.
You feel a little less mighty now.
The cacodemon becomes distracted by the nearby gold, dreaming of imaginary riches.
The cacodemon hits you but does no damage.
The cacodemon misses you.
The cacodemon shouts!
You completely miss the cacodemon.
The cacodemon becomes distracted by the nearby gold, dreaming of imaginary riches.
The cacodemon shouts!
You hammer the cacodemon like a gong!!!!
You burn the cacodemon!!
You kill the cacodemon!
You barely miss the cacodemon.
The cacodemon is no longer distracted by gold.
The cacodemon hits you but does no damage. x2
You hammer the cacodemon like a gong!!! You burn the cacodemon!
The cacodemon is heavily wounded.
You hear a screech!
A cacodemon comes into view.
You puncture the cacodemon! You burn the cacodemon.
The cacodemon is lightly wounded.
The cacodemon hits you!
The cacodemon hits you but does no damage.
The cacodemon hits you. The cacodemon hits you!
You spit the cacodemon like a pig!!! You burn the cacodemon.
You kill the cacodemon!
The cacodemon becomes distracted by the nearby gold, dreaming of imaginary riches.
Your magical contamination has completely faded away.
You sock the cacodemon! You burn the cacodemon.
The cacodemon is no longer distracted by gold.
The cacodemon is moderately wounded. 5 sixfirhies, a neqoxec, 7 orange demons and a cacodemon come into view.
The orange demon screeches! x3
The sixfirhy becomes distracted by the nearby gold, dreaming of imaginary riches. x5
The large abomination becomes distracted by the nearby gold, dreaming of imaginary riches.
The sixfirhy becomes distracted by the nearby gold, dreaming of imaginary riches.
The cacodemon misses you.
The cacodemon hits you but does no damage. x2
The cacodemon misses you.
The orange demon becomes distracted by the nearby gold, dreaming of imaginary riches.
The orange demon moves out of view.
You see here 67 gold pieces.
Casting: Statue Form (safe; 1% risk of failure)
Confirm with . or Enter, or press ? or * to list all spells.
The dungeon rumbles!
The cacodemon is lightly wounded.
The cacodemon is moderately wounded.
The cacodemon is lightly wounded.
You kill the orange demon!
The cacodemon is heavily wounded.
You kill the sixfirhy! x3
The cacodemon is moderately wounded.
You kill the sixfirhy!
The cacodemon is moderately wounded.
You kill the sixfirhy!
You kill the orange demon!
You kill the sixfirhy!
The orange demon is almost dead.
You destroy the large abomination!
You kill the sixfirhy!
The orange demon is almost dead.
You kill the sixfirhy!
You destroy the large abomination!
You kill the orange demon!
You kill the sixfirhy!
You kill the orange demon! x3
You kill the sixfirhy!
The neqoxec is almost dead.
You kill the sixfirhy!
The neqoxec shouts!
The neqoxec is almost dead.
You kill the sixfirhy!
Ka-crash! 2 cacodemons come into view.
The cacodemon hits you!
The cacodemon hits you but does no damage.
The orange demon becomes distracted by the nearby gold, dreaming of imaginary riches.
The cacodemon misses you. x2
A cacodemon comes into view. x2; A sixfirhy comes into view.
The neqoxec gestures at you.
Something tries to feed on your intellect!
The orange demon becomes distracted by the nearby gold, dreaming of imaginary riches. x2
The cacodemon hits you.
The cacodemon hits you but does no damage.
The cacodemon gestures at you. You resist with almost no effort.
The cacodemon becomes distracted by the nearby gold, dreaming of imaginary riches.
Casting: Shatter (dangerous; 1% risk of failure)
Confirm with . or Enter, or press ? or * to list all spells.
The dungeon rumbles!
The cacodemon is moderately wounded.
The cacodemon is severely wounded.
The cacodemon is moderately wounded.
The cacodemon is almost dead.
The cacodemon is no longer distracted by gold.
The cacodemon is severely wounded.
The cacodemon is lightly wounded.
You kill the orange demon!
You kill the neqoxec!
You kill the orange demon!
The cacodemon is heavily wounded.
You kill the neqoxec!
You kill the orange demon!
You kill the sixfirhy!
Ka-crash!
The cacodemon becomes distracted by the nearby gold, dreaming of imaginary riches. x2
The cacodemon hits you but does no damage. x2
The cacodemon hits you! The cacodemon completely misses you.
The cacodemon hits you but does no damage.
The cacodemon closely misses you.
The cacodemon becomes distracted by the nearby gold, dreaming of imaginary riches. x2
The cacodemon shouts!
Casting: Shatter (dangerous; 1% risk of failure)
Confirm with . or Enter, or press ? or * to list all spells.
The dungeon rumbles!
The cacodemon is severely wounded.
You kill the cacodemon!
The cacodemon is no longer distracted by gold.
The cacodemon is moderately wounded.
You kill the cacodemon!
The cacodemon is lightly wounded.
The cacodemon is no longer distracted by gold.
The cacodemon is almost dead.
The cacodemon is no longer distracted by gold.
The cacodemon shouts!
The cacodemon is heavily wounded.
Ka-crash!
* * * LOW MAGIC WARNING * * *
The cacodemon hits you but does no damage.
The cacodemon misses you. The cacodemon hits you!
The cacodemon hits you but does no damage.
The cacodemon becomes distracted by the nearby gold, dreaming of imaginary riches. x2
The cacodemon barely misses you. The cacodemon hits you!
* * * LOW HITPOINT WARNING * * *
The cacodemon shouts!
Casting: Shatter (dangerous; 1% risk of failure)
Confirm with . or Enter, or press ? or * to list all spells.
The dungeon rumbles!
The cacodemon is heavily wounded. x2
The cacodemon is no longer distracted by gold.
The cacodemon is severely wounded.
The cacodemon is moderately wounded.
You kill the cacodemon!
The cacodemon is no longer distracted by gold.
The cacodemon shouts!
The cacodemon is almost dead.
Ka-crash!
* * * LOW MAGIC WARNING * * *
You hear a screech!
You hear a shout!
You hear a bleat!
You hear a shout!
The cacodemon becomes distracted by the nearby gold, dreaming of imaginary riches.
The cacodemon barely misses you.
The cacodemon hits you but does no damage.
The cacodemon becomes distracted by the nearby gold, dreaming of imaginary riches.
An orange demon comes into view.
The cacodemon closely misses you. The cacodemon hits you.
* * * LOW HITPOINT WARNING * * *
The cacodemon barely misses you. The cacodemon closely misses you.
The cacodemon shouts! x2
Magic courses through your body.
The cacodemon is no longer distracted by gold. x2
The cacodemon closely misses you. The cacodemon hits you.
* * * LOW HITPOINT WARNING * * *
The cacodemon becomes distracted by the nearby gold, dreaming of imaginary riches.
The cacodemon hits you but does no damage. x2
The cacodemon becomes distracted by the nearby gold, dreaming of imaginary riches. x2
The cacodemon gestures at you. The bolt of energy misses you.
The cacodemon shouts!
Casting: Shatter (dangerous; 1% risk of failure)
Confirm with . or Enter, or press ? or * to list all spells.
The dungeon rumbles!
The cacodemon is heavily wounded.
The cacodemon is no longer distracted by gold.
The cacodemon is heavily wounded.
The cacodemon is no longer distracted by gold.
The cacodemon is severely wounded.
You kill the cacodemon!
You kill the orange demon!
The neqoxec is lightly wounded.
Ka-crash!
You hear a shout!
The cacodemon barely misses you.
The cacodemon hits you but does no damage.
The neqoxec becomes distracted by the nearby gold, dreaming of imaginary riches.
The cacodemon gestures at you.
Strange energies course through your body.
You feel odd for a moment.
The cacodemon becomes distracted by the nearby gold, dreaming of imaginary riches.
The cacodemon hits you but does no damage.
The cacodemon misses you.
The cacodemon hits you but does no damage.
The cacodemon hits you.
* * * LOW HITPOINT WARNING * * *
The cacodemon hits you but does no damage.
The cacodemon barely misses you.
The cacodemon shouts!
Casting: Shatter (dangerous; 1% risk of failure)
Confirm with . or Enter, or press ? or * to list all spells.
The dungeon rumbles!
The cacodemon is severely wounded.
The cacodemon is almost dead.
The cacodemon is no longer distracted by gold.
The neqoxec is no longer distracted by gold.
The neqoxec is heavily wounded.
Ka-crash!
* * * LOW MAGIC WARNING * * *
The cacodemon gestures at you.
Strange energies course through your body.
You feel odd for a moment.
The cacodemon becomes distracted by the nearby gold, dreaming of imaginary riches. x2
The cacodemon hits you but does no damage. x2
The cacodemon gestures at you. The bolt of energy hits you!!
* * * LOW HITPOINT WARNING * * *
The cacodemon shouts!
Casting: Shatter (dangerous; 1% risk of failure)
Confirm with . or Enter, or press ? or * to list all spells.
You are very lightly contaminated with residual magic.
The cacodemon blinks! x4
* * * LOW MAGIC WARNING * * *
The neqoxec becomes distracted by the nearby gold, dreaming of imaginary riches.
The cacodemon gestures at you.
The bolt of energy hits you but does no damage. [a] - 408 gold - resistance, might and lignification [b] - 928 gold - resistance, invisibility, might and haste [c] - 308 gold - resistance and might Purchase which effect?
You feel protected.
You fade into invisibility!
You feel very mighty all of a sudden.
You feel yourself speed up.
The cacodemon blinks!
The neqoxec is no longer distracted by gold.
The cacodemon becomes distracted by the nearby gold, dreaming of imaginary riches.
The sixfirhy becomes distracted by the nearby gold, dreaming of imaginary riches.
The neqoxec becomes distracted by the nearby gold, dreaming of imaginary riches.
The cacodemon blinks!
The cacodemon is no longer distracted by gold.
The cacodemon gestures at you. The bolt of energy misses you.
As you read the scroll of teleportation, it crumbles to dust.
You feel strangely unstable. The cacodemon gestures at you.
The bolt of energy hits you!!!
* * * LOW HITPOINT WARNING * * *
The cacodemon gestures at you. The bolt of energy hits you!
You die...

##....##.......##...$###.#
###....#........#...#..##.#
..#....##.....$#...###..#.#
........##...##...## ##$.(#******
.................## ##..#,,,,,*
.[..............## ##.#,,,,**
...............## ##..#,,,,*,
.......##.....#.## ####...#,,,**,
........#......#8##.##....#,,,+,,
.........#..........2..#..#,,**,,
................$$##..#.#..,,*,,,
..........##.2..$.$$$.....#.####4
....$....###....#$$.$$$$.....#...
..............$...$$$$$...#3.....
.......###.....#.$3$$2$.....X3[.,
......##.........$$.$$$$..#..'.,,
.....## ............#3$...#.2#,,.


You could see 3 cacodemons and a neqoxec (wandering).

Vanquished Creatures
  Asmodeus (Geh:7)
  Antaeus (Coc:7)
  A pandemonium lord (Pan)
  the Serpent of Hell (Tar:7)
  Mnoleg (Pan)
  5 ancient liches
  Dispater (Dis:7)
  7 dread liches
  The ghost of Atlas the Archmage, a legendary DsIE of Vehumet (Zig:5)
  Mara (Depths:1)
  6 juggernauts
  9 Killer Klowns
  Bai Suzhen (Vaults:5)
  20 shard shrikes
  Margery (Vaults:4)
  Saint Roka (Depths:3)
  Xtahua (Vaults:5)
  3 caustic shrikes
  5 curse toes
  Geryon (Hell)
  10 golden dragons
  Jory (Vaults:2)
  Arachne (Spider:4)
  26 bone dragons
  Nikola (Elf:1)
  22 Brimstone Fiends
  4 electric golems
  20 Tzitzimimeh
  12 doom hounds
  12 iron giants
  35 Ice Fiends
  3 hellephants (Depths:3)
  An Orb Guardian (Zot:5)
  13 Hell Sentinels
  23 tentacled monstrosities
  10 titans
  9 quicksilver dragons
  2 deep elf blademasters (Elf:3)
  15 liches
  Asterion (Elf:3)
  16 ancient champions
  2 deep elf master archers (Elf:3)
  A kraken (Shoals:1)
  5 tentacled starspawn
  8 Executioners
  17 acid blobs
  5 sphinxes
  Agnes (Spider:2)
  11 death cobs
  8 tengu reavers
  21 storm dragons
  Roxanne (Spider:3)
  Kirke (Shoals:1)
  25 shadow dragons
  10 azure jellies
  2 revenants
  5 draconian monks
  16 rockslimes
  19 frost giants
  Louise (Elf:3)
  9 iron dragons
  7 ghost moths
  11 deep elf sorcerers
  Aizul (Spider:4)
  18 balrugs
  5 fire giants
  A frost giant (shapeshifter) (Zig:8)
  A warmonger (Pan)
  28 cacodemons
  6 draconian knights
  4 orc warlords
  10 emperor scorpions
  A draconian stormcaller (Zot:5)
  8 draconian scorchers
  21 vault wardens
  3 deep elf elementalists
  7 draconian shifters
  A curse skull (Zig:3)
  A ghoul (Vaults:3)
  22 ironbound preservers
  22 stone giants
  8 elemental wellsprings
  3 draconian annihilators
  12 quicksilver oozes
  93 reapers
  40 very ugly things
  23 war gargoyles
  11 vampire knights
  12 black draconians
  12 yellow draconians
  11 green draconians
  13 red draconians
  3 dire elephants
  8 white draconians
  10 deep elf demonologists (Elf:3)
  5 lorocyprocas
  4 entropy weavers
  10 deep elf annihilators
  13 purple draconians
  3 halazid warlocks (Desolation)
  12 spark wasps
  3 crystal guardians
  18 blizzard demons
  2 eidola
  23 ettins
  4 deep elf death magi
  An eleionoma (Zig:4)
  Snorg (Lair:4)
  17 yaktaur captains
  4 merfolk javelineers
  4 merfolk impalers
  3 green deaths
  8 quicksilver dragon zombies
  2 jiangshi (Depths:2)
  Josephine (D:12)
  14 great orbs of eyes
  10 servants of whispers (Desolation)
  4 kraken zombies
  7 ironbound thunderhulks
  6 deep elf high priests
  29 ice dragons
  7 fire dragons
  Fannar (Lair:2)
  27 vault guards
  8 ragged hierophants (Desolation)
  3 spriggan air magi
  A rakshasa (Abyss:3)
  3 hell beasts
  Erica (Orc:1)
  4 merfolk avatars
  4 ghost crabs
  3 boulder beetles
  10 hydras
  5 peacekeepers
  10 quicksilver dragon skeletons
  3 ironbound frosthearts
  10 centaur warriors
  An ogre mage (Vaults:5)
  An anaconda (shapeshifter) (Zig:8)
  10 tengu warriors
  3 satyrs
  7 deep troll earth magi
  3 alligator snapping turtles
  51 hell hogs
  7 vampire magi
  7 thrashing horrors
  3 deep troll shamans
  7 merfolk aquamancers
  8 orc high priests
  3 two-headed ogres
  6 death yaks
  15 titan zombies
  23 soul eaters
  3 ironbound beastmasters
  6 spriggan berserkers
  20 sun demons
  23 deep elf knights
  13 shadow wraiths
  11 storm dragon zombies
  105 hell knights
  10 iron golems
  16 iron trolls
  11 titan skeletons
  31 sixfirhies
  Sonja (Lair:1)
  A fire crab (shapeshifter) (Zig:12)
  145 skeletal warriors
  9 wretched stars
  11 spriggans (Lair:6)
  A death drake (Tar:6)
  4 golden dragon zombies
  3 spatial maelstroms (Abyss:3)
  A sea snake (shapeshifter) (Vaults:5)
  8 storm dragon skeletons
  17 sea snakes
  20 flayed ghosts
  6 ghost moth zombies
  15 anaconda zombies
  30 deep trolls
  A torturous demonspawn (Pan)
  A gelid demonspawn (Pan)
  An infernal demonspawn (Pan)
  7 deep elf archers
  20 shadow demons
  5 glowing orange brains
  2 lindwurms (Vaults:1)
  A bog body (Zig:4)
  A swamp dragon (Zig:4)
  14 ironbound convokers
  13 golden dragon skeletons
  13 orc knights
  34 harpies
  26 phantasmal warriors
  23 orb spiders
  24 deep elf pyromancers
  26 deep elf zephyrmancers
  7 anaconda skeletons
  2 tengu skeletons
  A mana viper (Zig:14)
  16 wizards
  An obsidian statue (Zot:1)
  A tengu zombie (Depths:1)
  8 iron dragon zombies
  14 stone giant zombies
  11 wolf spider zombies
  44 wolf spiders
  29 necromancers
  7 shadow dragon zombies
  A salamander (shapeshifter) (Vaults:5)
  5 cyclopes
  12 fire giant zombies
  14 frost giant zombies
  3 oklob plants
  14 orc sorcerers
  A faun (shapeshifter) (Depths:2)
  12 manticores
  9 shining eyes
  5 iron dragon skeletons
  19 fauns
  A will-o-the-wisp (Zig:14)
  5 shadow dragon skeletons
  8 elephants
  20 moths of wrath
  43 large abominations
  7 stone giant skeletons
  49 ugly things
  13 fire giant skeletons
  3 ice statues
  4 worldbinders
  13 merfolk sirens
  5 water nymphs
  10 frost giant skeletons
  3 black mambas
  4 shock serpent zombies
  55 rust devils
  12 dire elephant zombies
  A torpor snail (shapeshifter) (D:14)
  4 apocalypse crabs
  An eye of devastation (shapeshifter) (Elf:3)
  2 guardian serpents (Desolation)
  28 orange demons
  2 eyes of devastation
  19 molten gargoyles
  20 smoke demons
  13 centaur zombies
  24 vault sentinels
  8 dire elephant skeletons
  3 elf zombies
  12 cane toads
  7 torpor snails
  2 catoblepas zombies
  A cane toad (shapeshifter) (Vaults:3)
  4 gargoyles
  8 emperor scorpion zombies
  3 shock serpent skeletons
  A sea snake zombie (Hell)
  41 hellions
  A minotaur zombie (Tar:6)
  8 komodo dragons
  5 unseen horrors
  4 efreet
  15 demonic crawlers
  44 freezing wraiths
  24 yaktaurs
  4 hellwings
  43 red devils
  54 tormentors
  3 tengu conjurers
  A green draconian skeleton (Tar:4)
  9 rime drakes
  11 ancient zymes
  3 catoblepas skeletons
  49 ice devils
  5 harpy zombies
  14 hydra zombies
  8 silent spectres
  A sea snake skeleton (Hell)
  4 trolls
  45 jumping spiders
  8 polar bears
  8 hornets
  A queen bee (shapeshifter) (Vaults:5)
  4 wind drakes
  8 hydra skeletons
  20 merfolk
  A blink frog (shapeshifter) (Elf:3)
  112 slime creatures
  33 raiju
  16 fire dragon zombies
  57 saltlings (Desolation)
  6 harpy skeletons
  13 ice dragon zombies
  5 alligator zombies
  6 blink frogs
  9 ettin zombies
  13 snapping turtles
  4 dream sheep (Lair:6)
  7 air elementals
  4 ice dragon skeletons
  9 ettin skeletons
  18 starcursed masses
  2 centaur simulacra
  173 flying skulls
  4 alligator skeletons
  71 redbacks
  4 wyverns
  2 fire giant simulacra
  36 yaks
  33 shadows
  5 fire dragon skeletons
  57 wraiths
  8 ynoxinuls
  39 tarantellas
  23 fire elementals
  4 vampires
  A black mamba skeleton (Dis:7)
  4 fire bats
  31 water elementals
  12 golden eyes
  A golden eye (shapeshifter) (D:13)
  A sea snake simulacrum (Hell)
  A hog (Shoals:1)
  2 steam dragons
  22 chaos spawn
  26 neqoxecs
  3 basilisks
  3 merfolk zombies
  A harpy simulacrum (Abyss:3)
  10 wargs
  10 spatial vortices (Abyss:3)
  139 hell hounds
  2 acid dragons (D:9)
  12 water moccasins
  Duvessa (D:7)
  A floating eye (shapeshifter) (Depths:2)
  5 black bears
  17 cane toad zombies
  2 merfolk skeletons
  3 floating eyes
  A sky beast (D:8)
  6 manticore zombies
  3 cane toad skeletons
  10 snapping turtle zombies
  2 ettin simulacra
  43 orc warriors
  23 ice beasts
  A swamp dragon zombie (Geh:6)
  2 alligator simulacra
  46 necrophages
  4 boggarts (Lair:6)
  11 ogres
  4 snapping turtle skeletons
  29 wolves
  5 centaurs
  8 phantoms
  4 swamp dragon skeletons
  14 small abominations
  4 manticore skeletons
  2 kobold brigands (D:7)
  23 bullfrogs
  4 earth elementals
  Dowan (D:7)
  2 cane toad simulacra
  A wyvern skeleton (D:6)
  2 scorpions
  2 spriggan zombies
  2 troll zombies
  10 killer bees
  10 electric eels
  153 wights
  8 howler monkeys
  A spriggan skeleton (Tar:6)
  3 bullfrog zombies
  7 crimson imps
  3 quasits
  A jelly (D:6)
  2 hounds (D:4)
  13 orc priests
  5 human zombies
  11 centaur skeletons
  46 iron imps
  A bullfrog skeleton (D:5)
  A human skeleton (Geh:7)
  An iguana (D:6)
  24 orc wizards
  14 hell rats
  2 naga zombies
  3 ogre zombies
  A hound skeleton (D:5)
  8 mummies
  A howler monkey zombie (D:5)
  A howler monkey skeleton (D:7)
  7 gnolls
  4 adders
  9 river rats (Lair:1)
  20 shadow imps
  25 white imps
  An ufetubus (Abyss:1)
  5 worms
  A dart slug (D:2)
  60 orcs
  3 ball pythons
  4 endoplasms
  A giant cockroach (D:3)
  8 goblins
  5 hobgoblins
  2 quokkas (D:2)
  3 bats
  4 frilled lizards
  2 goblin skeletons (D:4)
  A goblin zombie (D:4)
  3 hobgoblin zombies (D:4)
  24 kobolds
  2 kobold skeletons (D:4)
  4 kobold zombies
  An orc skeleton (Dis:1)
  3 orc zombies
  5 rats
  22 fire vortices
  A plant (Zig:15)
  2 starspawn tentacles
  5 tentacles
5115 creatures vanquished.

Vanquished Creatures (collateral kills)
  A lich (Tar:7)
  An acid blob (Zig:17)
  A rockslime (Zig:17)
  An azure jelly (Zig:17)
  A cacodemon (Pan)
  A blood saint (Pan)
  2 great orbs of eyes (Zig:17)
  A merfolk aquamancer (Shoals:2)
  A dancing weapon (Elf:2)
  An iron golem (Geh:6)
  A wretched star (Zig:14)
  A shining eye (Zig:17)
  An orange demon (Pan)
  3 slime creatures (Zig:17)
  A golden eye (Zig:17)
  A floating eye (Zig:17)
  2 ice beasts (Zig:16)
  A shadow imp (Zig:13)
  A starspawn tentacle (Zig:14)
23 creatures vanquished.

Vanquished Creatures (others)
  2 eldritch tentacles (Pan)
  A fire giant (Depths:3)
  A draconian monk (Zot:3)
  2 draconian knights
  A peacekeeper (Desolation)
  A merfolk aquamancer (Shoals:4)
  15 dancing weapons
  A hell hog (Geh:2)
  A wretched star (Elf:3)
  A phantasmal warrior (Geh:4)
  A shadow dragon skeleton (Geh:3)
  A wolf spider (Spider:3)
  A deep elf zephyrmancer (Elf:1)
  An iron dragon skeleton (Geh:7)
  A tormentor (Dis:7)
  2 saltlings (Desolation)
  An ice dragon zombie (Geh:7)
  2 redbacks (Spider:3)
  2 flying skulls
  An ettin skeleton (Geh:7)
  2 wraiths
  4 humans (Shoals:1)
  A hell hound (Dis:7)
  2 small abominations (Abyss:3)
  3 iron imps
  A bush (Lair:6)
  92 fire vortices
  2 foxfires (Zig:14)
  74 fungi
  4 lurking horrors
  162 plants
  5 starspawn tentacles
  33 tentacles
424 creatures vanquished.

Grand Total: 5562 creatures vanquished

Notes
Turn   | Place    | Note
-------+----------+-------------------------------------------
     0 | D:1      | sleeves the Ogre Earth Elementalist began the quest for the
                  | Orb.
     0 | D:1      | Reached XP level 1. HP: 16/16 MP: 3/3
   144 | D:1      | Found Zukofrum's Antique Weapon Shoppe.
   146 | D:1      | Found Fudghugh's Magic Scroll Shoppe.
   256 | D:1      | Found Amant's Armour Emporium.
   731 | D:1      | Found Byred's General Store.
   974 | D:1      | Reached XP level 2. HP: 24/24 MP: 5/5
  1089 | D:2      | HP: 12/24 [ball python (1)]
  1411 | D:2      | Found Zezut's Antique Armour Boutique.
  1417 | D:2      | Found a sacrificial altar of Ru.
  1560 | D:2      | Reached skill level 3 in Earth Magic
  1759 | D:2      | Reached skill level 1 in Maces & Flails
  1759 | D:2      | Reached skill level 3 in Spellcasting
  1759 | D:2      | Reached XP level 3. HP: 31/31 MP: 2/7
  1807 | D:2      | Found Oxeussem's Book Shoppe.
  1999 | D:2      | Found Icuorif's Distillery.
  2233 | D:2      | Found Arhepom's Distillery.
  2323 | D:3      | Found a snail-covered altar of Cheibriados.
  2338 | D:3      | Found an iron altar of Okawaru.
  2658 | D:3      | Found a blossoming altar of Fedhas.
  2779 | D:3      | Noticed a moth of wrath
  2782 | D:3      | Found a bloodstained altar of Trog.
  2813 | D:3      | Reached XP level 4. HP: 27/39 MP: 0/9
  3165 | D:4      | Found a glowing golden altar of the Shining One.
  3184 | D:4      | HP: 18/39 [crimson imp (3)]
  3187 | D:4      | Reached skill level 2 in Maces & Flails
  3187 | D:4      | Reached XP level 5. HP: 22/45 MP: 1/10
  3193 | D:4      | HP: 21/45 [kobold zombie (1)]
  3844 | D:4      | Reached skill level 4 in Spellcasting
  4010 | D:4      | Found Buliseh's Weapon Shoppe.
  4241 | D:5      | Entered Level 5 of the Dungeon
  4241 | D:5      | Found a runed translucent door.
  4276 | D:5      | Reached skill level 4 in Earth Magic
  4276 | D:5      | Reached XP level 6. HP: 40/53 MP: 7/12
  4322 | D:5      | Reached skill level 3 in Maces & Flails
  4412 | D:5      | HP: 25/53 [orc/+0 mace (6)]
  4421 | D:5      | HP: 22/53 [hound (4)]
  4425 | D:4      | HP: 10/53 [hound (4)]
  4982 | D:5      | Reached skill level 5 in Spellcasting
  4982 | D:5      | Reached XP level 7. HP: 59/59 MP: 10/14
  5108 | D:5      | HP: 26/57 [wight/+0 halberd (14)]
  5356 | D:4      | Learned a level 3 spell: Stone Arrow
  5804 | D:5      | Noticed dang3rdave's ghost (weakling GrDe)
  5998 | D:6      | Reached skill level 4 in Maces & Flails
  5998 | D:6      | Reached skill level 5 in Earth Magic
  6038 | D:6      | HP: 19/59 [orc warrior/+0 war axe (19)]
  6319 | D:6      | Found Reut's Jewellery Emporium.
  6375 | D:6      | Found a sparkling altar of Nemelex Xobeh.
  6474 | D:6      | Reached skill level 6 in Spellcasting
  6474 | D:6      | Reached XP level 8. HP: 58/67 MP: 11/17
  6477 | D:6      | Learned a level 2 spell: Passwall
  6698 | D:6      | Found a staircase to the Ecumenical Temple.
  6710 | Temple   | Entered the Ecumenical Temple
  7043 | Temple   | Became a worshipper of Gozag Ym Sagoz the Greedy
  7553 | D:6      | HP: 30/65 [wight/+3 short sword (8)]
  7556 | D:6      | Reached skill level 5 in Maces & Flails
  7915 | D:7      | Reached skill level 7 in Spellcasting
  7915 | D:7      | Reached skill level 6 in Earth Magic
  7936 | D:6      | HP: 32/67 [adder (5)]
  8150 | D:7      | Found a flagged portal.
  8156 | Bailey   | Entered a bailey
  8216 | Bailey   | Reached XP level 9. HP: 44/74 MP: 1/20
  8354 | Bailey   | Noticed an orc warlord
  8370 | Bailey   | Learned a level 5 spell: Lee's Rapid Deconstruction
  8375 | Bailey   | Learned a level 4 spell: Petrify
  8533 | Bailey   | Found a runed translucent gate.
  8534 | Bailey   | Found a runed translucent gate.
  8536 | Bailey   | Found a runed translucent gate.
  9159 | D:7      | Noticed Dowan
  9160 | D:7      | Noticed Duvessa
  9332 | D:7      | Reached skill level 6 in Maces & Flails
  9474 | D:7      | Reached skill level 8 in Spellcasting
  9756 | D:7      | Reached skill level 7 in Earth Magic
 10409 | D:7      | HP: 37/74 [poisoned by a water moccasin]
 10668 | D:7      | Killed Duvessa
 10710 | D:7      | Killed Dowan
 10895 | D:8      | HP: 34/74 [yak (6)]
 10917 | D:8      | HP: 22/74 [yak (17)]
 11215 | D:8      | HP: 37/74 [orc/+0 dagger (2)]
 11220 | D:8      | HP: 31/74 [orc wizard/+0 dagger (2)]
 11602 | D:8      | Reached skill level 7 in Maces & Flails
 11611 | D:8      | Reached skill level 9 in Spellcasting
 11774 | D:8      | Reached XP level 10. HP: 81/81 MP: 11/23
 12246 | D:8      | Reached skill level 8 in Earth Magic
 13317 | D:9      | Found a broken altar of Ashenzari.
 13367 | D:9      | Found a hide-covered altar of Uskayaw.
 13494 | D:9      | HP: 40/81 [hornet (15)]
 13495 | D:9      | HP: 15/81 [acid (6)]
 13496 | D:9      | Reached skill level 8 in Maces & Flails
 13806 | D:9      | Reached skill level 10 in Spellcasting
 13934 | D:9      | Reached skill level 1 in Fighting
 13934 | D:9      | Reached skill level 2 in Dodging
 14010 | D:8      | Reached skill level 1 in Conjurations
 14157 | D:9      | Reached skill level 2 in Fighting
 14511 | D:9      | Noticed a four-headed hydra
 14535 | D:9      | Killed a four-headed hydra
 14536 | D:9      | Reached skill level 4 in Fighting
 14536 | D:9      | Reached skill level 3 in Dodging
 14536 | D:9      | Reached skill level 2 in Conjurations
 14794 | D:9      | Reached skill level 3 in Conjurations
 15007 | D:9      | Found an ornate altar of the Wu Jian Council.
 15008 | D:9      | Found a shimmering blue altar of Sif Muna.
 15040 | D:9      | Found a staircase to the Lair.
 15048 | D:9      | Reached XP level 11. HP: 94/101 MP: 6/25
 15250 | D:10     | Entered Level 10 of the Dungeon
 15255 | D:10     | Reached skill level 4 in Dodging
 15259 | D:9      | Reached skill level 5 in Fighting
 15687 | D:10     | Reached skill level 4 in Conjurations
 15716 | D:10     | Reached skill level 6 in Fighting
 15976 | D:10     | Found a staircase to the Orcish Mines.
 16655 | D:11     | Reached skill level 5 in Dodging
 17146 | D:11     | Noticed a manticore
 17157 | D:11     | Identified 4 scrolls of acquirement
 17179 | D:11     | Killed a manticore
 17181 | D:11     | Reached skill level 7 in Fighting
 17310 | D:11     | Reached skill level 5 in Conjurations
 17611 | D:12     | Noticed an eight-headed hydra
 17771 | D:12     | Noticed a purple ugly thing
 17777 | D:12     | Killed a purple ugly thing
 17792 | D:12     | Noticed a skeletal warrior
 17842 | D:12     | Noticed a two-headed ogre
 17846 | D:12     | Killed a two-headed ogre
 17847 | D:12     | Reached skill level 8 in Fighting
 17847 | D:12     | Reached skill level 6 in Dodging
 18449 | D:12     | Reached XP level 12. HP: 94/122 MP: 10/26
 18513 | D:12     | Noticed Josephine
 18675 | D:12     | Reached skill level 6 in Conjurations
 18764 | D:12     | Found Tapp's Book Shop.
 19098 | D:12     | Reached skill level 9 in Fighting
 19109 | D:12     | Bought a book of the Earth for 975 gold pieces
 19109 | D:12     | Acquired 737 gold pieces
 19115 | D:12     | Reached skill level 9 in Earth Magic
 19526 | D:12     | HP: 61/123 [flying skull (6)]
 20049 | D:12     | Reached skill level 7 in Dodging
 20133 | D:12     | Found Filoet's Antique Armour Shoppe.
 20238 | D:12     | Killed Josephine
 20239 | D:12     | Reached skill level 7 in Conjurations
 20331 | D:12     | Learned a level 5 spell: Bolt of Magma
 20345 | D:12     | Bought a wizard robe for 188 gold pieces
 20345 | D:12     | Identified the +0 robe of the Snail {Slay+3} (You bought it
                  | in a shop on level 12 of the Dungeon)
 20356 | D:12     | Reached skill level 10 in Fighting
 20366 | D:12     | Killed an eight-headed hydra
 20928 | D:12     | Found Fotav's Weapon Shop.
 21036 | D:12     | Found a portal to a secret trove of treasure.
 21296 | Lair:1   | Entered Level 1 of the Lair of Beasts
 21544 | Lair:1   | Noticed Sonja
 21547 | Lair:1   | Killed Sonja
 21636 | Lair:1   | Reached XP level 13. HP: 132/135 MP: 21/27
 22041 | Lair:1   | Reached skill level 8 in Dodging
 22603 | Lair:2   | Reached skill level 10 in Earth Magic
 22606 | Lair:2   | Acquired 405 gold pieces
 22608 | Lair:2   | Acquired 1232 gold pieces
 22733 | Lair:2   | Noticed an ice dragon
 22985 | Lair:1   | Reached skill level 11 in Fighting
 23175 | Lair:2   | Noticed Fannar
 23326 | Lair:1   | Reached skill level 8 in Conjurations
 23610 | Lair:2   | Killed Fannar
 24393 | Lair:2   | Killed an ice dragon
 24601 | Lair:2   | Identified the +3 scale mail "Asar" {-Tele rCorr Dex+2
                  | Stlth+}
 24635 | Lair:2   | Acquired 817 gold pieces
 24637 | Lair:2   | Acquired a +4 spectral giant spiked club
 25238 | Lair:3   | Reached skill level 1 in Transmutations
 25274 | Lair:3   | Found a hole to the Spider Nest.
 25502 | Lair:3   | Learned a level 2 spell: Blink
 26228 | Lair:4   | Reached skill level 1 in Translocations
 26229 | Lair:4   | HP: 58/139 [komodo dragon (29)]
 26786 | Lair:4   | Reached skill level 2 in Transmutations
 26963 | Lair:4   | Found a staircase to the Shoals.
 26984 | Lair:4   | You fall into a shaft and drop 1 floor!
 27001 | Lair:4   | Noticed Snorg
 27016 | Lair:4   | HP: 61/139 [komodo dragon (18)]
 27021 | Lair:4   | HP: 54/139 [bullfrog (2)]
 27027 | Lair:4   | HP: 40/139 [bullfrog (9)]
 27048 | Lair:4   | HP: 43/139 [bullfrog (4)]
 27057 | Lair:4   | HP: 37/139 [bullfrog (5)]
 27064 | Lair:4   | HP: 32/139 [bullfrog (7)]
 27081 | Lair:4   | HP: 31/139 [bullfrog (7)]
 27118 | Lair:4   | HP: 31/139 [yak (12)]
 27618 | Lair:4   | Reached skill level 12 in Fighting
 27799 | Lair:4   | Killed Snorg
 27800 | Lair:4   | Reached skill level 9 in Dodging
 27800 | Lair:4   | Reached skill level 2 in Translocations
 28098 | Lair:4   | Reached skill level 3 in Transmutations
 28360 | Lair:4   | Learned a level 1 spell: Apportation
 28387 | Lair:4   | Acquired 945 gold pieces
 28707 | Lair:5   | Reached XP level 14. HP: 149/149 MP: 18/28
 28897 | Lair:5   | Reached skill level 9 in Conjurations
 29119 | Lair:5   | Reached skill level 3 in Translocations
 29470 | Lair:5   | HP: 71/149 [hell rat (15)]
 29475 | Lair:5   | HP: 57/149 [hell rat (15)]
 29485 | Lair:5   | HP: 60/149 [hell rat (1)]
 29490 | Lair:5   | HP: 42/148 [hell rat (19)]
 30326 | Lair:5   | Reached skill level 11 in Earth Magic
 30328 | Lair:5   | Reached skill level 4 in Transmutations
 31303 | Lair:5   | HP: 68/144 [acid (11)]
 32059 | Lair:6   | Entered Level 6 of the Lair of Beasts
 32295 | Lair:6   | Reached skill level 4 in Translocations
 32636 | Lair:6   | Found a shimmering blue altar of Sif Muna.
 33533 | Lair:5   | Reached skill level 5 in Transmutations
 33755 | Lair:6   | Found a staircase to the Slime Pits.
 33756 | Lair:6   | Found a viscous altar of Jiyva.
 34294 | Lair:6   | Reached skill level 5 in Translocations
 34846 | Lair:6   | Reached skill level 10 in Conjurations
 35317 | Lair:5   | Reached skill level 6 in Transmutations
 36047 | Lair:6   | Paralysed by a hornet for 2 turns
 36295 | Lair:6   | Reached XP level 15. HP: 100/156 MP: 4/29
 36909 | Lair:6   | Reached skill level 12 in Earth Magic
 37219 | D:10     | Learned a level 6 spell: Statue Form
 38428 | D:14     | Reached skill level 7 in Transmutations
 38439 | D:14     | HP: 76/156 [burnt (4)]
 38485 | D:14     | Found a runed translucent door.
 38602 | D:14     | Found a flickering gateway to a bazaar.
 38619 | D:14     | HP: 63/156 [boulder beetle (16)]
 38801 | Bazaar   | Entered a bazaar
 38971 | Bazaar   | Found Puytaoss's Distillery.
 39005 | Bazaar   | Found Siusoet's Distillery.
 39017 | Bazaar   | Found Kulluol's Magic Scroll Emporium.
 39037 | Bazaar   | Found Dofem's Magic Scroll Emporium.
 39045 | Bazaar   | Bought a scroll of acquirement for 676 gold pieces
 39045 | Bazaar   | Bought a scroll of blinking for 97 gold pieces
 39045 | Bazaar   | Bought a scroll of enchant armour for 97 gold pieces
 39045 | Bazaar   | Bought a scroll of enchant weapon for 97 gold pieces
 39045 | Bazaar   | Bought a scroll of enchant weapon for 97 gold pieces
 39045 | Bazaar   | Bought a scroll of teleportation for 39 gold pieces
 39045 | Bazaar   | Bought a scroll of teleportation for 39 gold pieces
 39045 | Bazaar   | Bought a scroll of teleportation for 39 gold pieces
 39045 | Bazaar   | Bought a scroll of fog for 26 gold pieces
 39045 | Bazaar   | Bought a scroll of fear for 45 gold pieces
 39045 | Bazaar   | Bought a scroll of fear for 45 gold pieces
 39065 | Bazaar   | Bought a scroll of enchant armour for 67 gold pieces
 39065 | Bazaar   | Bought a scroll of brand weapon for 180 gold pieces
 39065 | Bazaar   | Bought a scroll of magic mapping for 31 gold pieces
 39065 | Bazaar   | Bought a scroll of holy word for 67 gold pieces
 39081 | Bazaar   | Bought a potion of mutation for 112 gold pieces
 39081 | Bazaar   | Bought a potion of magic for 112 gold pieces
 39081 | Bazaar   | Bought a potion of curing for 42 gold pieces
 39081 | Bazaar   | Bought a potion of curing for 42 gold pieces
 39111 | Bazaar   | Bought a potion of mutation for 56 gold pieces
 39111 | Bazaar   | Bought a potion of mutation for 56 gold pieces
 39111 | Bazaar   | Bought a potion of heal wounds for 35 gold pieces
 39111 | Bazaar   | Bought a potion of mutation for 56 gold pieces
 39111 | Bazaar   | Bought a potion of resistance for 70 gold pieces
 39111 | Bazaar   | Bought a potion of heal wounds for 35 gold pieces
 39111 | Bazaar   | Bought a potion of heal wounds for 35 gold pieces
 39111 | Bazaar   | Bought a potion of might for 28 gold pieces
 39721 | D:14     | Found a gate to the Vaults.
 39840 | D:14     | Reached skill level 11 in Conjurations
 40670 | D:14     | You fall into a shaft and drop 1 floor!
 40670 | D:15     | Entered Level 15 of the Dungeon
 40762 | D:15     | HP: 71/156 [freezing wraith (19)]
 41857 | D:15     | Reached skill level 8 in Transmutations
 42344 | D:15     | Found a shimmering altar of Xom.
 42469 | D:15     | Found a staircase to the Depths.
 42796 | Orc:1    | Entered Level 1 of the Orcish Mines
 42808 | Orc:1    | Noticed Erica
 42812 | Orc:1    | Killed Erica
 43281 | Orc:2    | Entered Level 2 of the Orcish Mines
 43459 | Orc:2    | Found Lofauton's Distillery.
 43709 | Orc:2    | Found Qohafyfipt's General Store.
 43737 | Orc:2    | Bought a potion of heal wounds for 55 gold pieces
 43737 | Orc:2    | Bought a potion of haste for 110 gold pieces
 43737 | Orc:2    | Bought a potion of haste for 110 gold pieces
 43741 | Orc:2    | Found Ulelotuun's Book Shoppe.
 43744 | Orc:2    | Found a staircase to the Elven Halls.
 43952 | Orc:2    | Found Aziriy's Distillery.
 43960 | Orc:2    | Found Peesaluu's Weapon Emporium.
 43971 | Orc:2    | Bought a potion of heal wounds for 50 gold pieces
 43971 | Orc:2    | Bought a potion of heal wounds for 50 gold pieces
 43971 | Orc:2    | Bought a potion of heal wounds for 50 gold pieces
 43971 | Orc:2    | Bought a potion of magic for 80 gold pieces
 43971 | Orc:2    | Bought 2 potions of invisibility for 160 gold pieces
 44819 | Orc:2    | Found Kuogemp's Antique Armour Shop.
 44819 | Orc:2    | Found Pitisin's Antique Weapon Shop.
 44821 | Orc:2    | Found Lemic's Book Emporium.
 44821 | Orc:2    | Found Sipar's Jewellery Emporium.
 44844 | Orc:2    | Bought a transparent morningstar for 351 gold pieces
 44844 | Orc:2    | Identified the +5 morningstar "Kotun" {protect, rC+ Stlth+}
                  | (You bought it in a shop on level 2 of the Orcish Mines)
 44951 | Orc:2    | Bought the ring "Xyb Oju" {rPois rC+ Str+2 Int+3} for 756
                  | gold pieces
 45127 | D:6      | Bought the ring "Ataalesm" {rElec Will+ EV+4 Int+2 Dex-2}
                  | for 778 gold pieces
 45264 | D:1      | Bought a scroll of teleportation for 30 gold pieces
 45264 | D:1      | Bought a scroll of brand weapon for 200 gold pieces
 45264 | D:1      | Bought a scroll of blinking for 75 gold pieces
 45264 | D:1      | Bought a scroll of enchant armour for 75 gold pieces
 45319 | D:2      | Bought a potion of resistance for 130 gold pieces
 45351 | D:2      | Bought a manual of Translocations for 1545 gold pieces
 45727 | Spider:1 | Entered Level 1 of the Spider Nest
 45870 | Spider:1 | Reached XP level 16. HP: 165/165 MP: 15/30
 45941 | Lair:3   | Learned a level 6 spell: Iron Shot
 46083 | Lair:3   | Reached skill level 13 in Earth Magic
 46486 | Lair:3   | HP: 103/214 [emperor scorpion (8)]
 46492 | Lair:3   | HP: 88/214 [emperor scorpion (6)]
 47469 | Spider:1 | Reached skill level 9 in Transmutations
 47994 | Spider:1 | Reached skill level 12 in Conjurations
 47998 | Spider:1 | You fall into a shaft and drop 1 floor!
 48311 | Spider:1 | Reached skill level 9 in Maces & Flails
 48361 | Spider:1 | HP: 104/214 [jumping spider (9)]
 48366 | Spider:1 | HP: 54/214 [jumping spider (18)]
 50198 | Spider:3 | Noticed Agnes
 50287 | Spider:2 | HP: 98/214 [Agnes/+3 lajatang of venom (20)]
 50288 | Spider:2 | Killed Agnes
 50896 | Spider:3 | HP: 50/165 [poisoned by a redback]
 50901 | Spider:2 | HP: 47/214 [demonic crawler (5)]
 50941 | Spider:2 | HP: 55/165 [poisoned by a redback]
 51657 | Spider:2 | HP: 105/214 [redback (11)]
 51658 | Spider:2 | Reached skill level 10 in Maces & Flails
 51662 | Spider:2 | HP: 93/214 [redback (11)]
 51668 | Spider:2 | HP: 86/214 [redback (7)]
 51925 | Spider:3 | HP: 86/214 [disintegration (39)]
 52257 | Spider:3 | HP: 77/214 [disintegration (40)]
 52894 | Spider:3 | HP: 98/214 [disintegration (20)]
 53164 | Spider:3 | Reached skill level 14 in Earth Magic
 53170 | Spider:3 | HP: 107/214 [disintegration (34)]
 54544 | Spider:3 | Identified Roxanne's Compendium of Transmigration
 54544 | Spider:3 | Noticed Roxanne
 54547 | Spider:3 | Killed Roxanne
 54834 | Spider:4 | Entered Level 4 of the Spider Nest
 54834 | Spider:4 | Noticed Aizul
 55030 | Spider:3 | Reached XP level 17. HP: 172/172 MP: 4/31
 55244 | Spider:4 | Reached skill level 11 in Maces & Flails
 55541 | Spider:3 | HP: 111/223 [wolf spider (10)]
 56303 | Spider:4 | Reached skill level 15 in Earth Magic
 56574 | Spider:4 | Killed Aizul
 56575 | Spider:4 | Reached skill level 12 in Maces & Flails
 56578 | Spider:4 | HP: 106/223 [demonic crawler (8)]
 57134 | Spider:4 | Noticed Arachne
 57295 | Spider:4 | Killed Arachne
 57447 | Spider:3 | HP: 109/223 [demonic crawler (5)]
 57771 | Shoals:1 | Entered Level 1 of the Shoals
 58197 | Shoals:1 | Noticed Kirke
 58202 | Shoals:1 | Killed Kirke
 58319 | Shoals:1 | HP: 110/223 [merfolk/+0 trident (12)]
 58594 | Shoals:1 | Reached skill level 13 in Maces & Flails
 58875 | Shoals:1 | Noticed a kraken
 58881 | Shoals:1 | Killed a kraken
 59407 | Shoals:2 | HP: 82/172 [faun/+0 quarterstaff (18)]
 60416 | Shoals:2 | HP: 109/223 [merfolk impaler/+5 trident of venom (13)]
 60423 | Shoals:2 | HP: 68/223 [cloud of steam (5)]
 61086 | Lair:1   | Reached skill level 14 in Maces & Flails
 61086 | Lair:1   | Reached XP level 18. HP: 183/183 MP: 32/32
 61383 | Shoals:3 | HP: 101/237 [satyr/arrow (21)]
 61877 | Shoals:3 | Reached XP level 19. HP: 191/191 MP: 4/33
 62384 | Shoals:3 | HP: 123/249 [snapping turtle (18)]
 63349 | Shoals:3 | Reached skill level 13 in Fighting
 63591 | Shoals:4 | Entered Level 4 of the Shoals
 63916 | Shoals:4 | Reached skill level 11 in Spellcasting
 64645 | Shoals:4 | HP: 88/193 [snapping turtle (29)]
 65153 | Shoals:4 | Identified the ring of Erchopp {*Slow rC+ Str+5 Int+6}
 66079 | Shoals:4 | Found a large runed translucent door.
 66079 | Shoals:4 | Found a large runed translucent door.
 66103 | Shoals:4 | Noticed Fyciomp's ghost (adept MiWn)
 66403 | Shoals:4 | Got a barnacled rune of Zot
 66766 | Shoals:4 | Identified the +1 spear of Ususeu Tawn {vorpal, Str+4 Int+2
                  | Dex+2}
 66820 | Shoals:4 | Acquired 875 gold pieces
 67163 | Vaults:1 | Entered Level 1 of the Vaults
 67776 | Vaults:1 | Found a flickering gateway to a bazaar.
 67804 | Vaults:1 | HP: 125/254 [harpy (9)]
 67806 | Bazaar   | Entered a bazaar
 68064 | Bazaar   | Found Qaxemots's Jewellery Shoppe.
 68072 | Bazaar   | Found Tygrutom's Jewellery Boutique.
 68113 | Bazaar   | Found Figip's Weapon Emporium.
 68121 | Bazaar   | Found Picril's Jewellery Shop.
 68188 | Bazaar   | Bought the ring "Igie" {rElec rN+ EV+4 Int+3 Dex-3} for 596
                  | gold pieces
 68779 | Vaults:1 | Reached skill level 14 in Fighting
 69497 | Vaults:1 | Found an opulent altar of Gozag.
 69497 | Vaults:1 | Found Gozag's Antique Weapon Shop.
 69506 | Vaults:1 | Reached skill level 12 in Spellcasting
 69650 | Vaults:1 | Found Gozag's Assorted Antiques.
 69652 | Vaults:1 | Found Gozag's Antique Armour Boutique.
 69890 | Vaults:1 | Bought a crude demon whip for 2000 gold pieces
 69890 | Vaults:1 | Identified the +7 demon whip of Freehold {drain, rPois
                  | Str-2 Dex+7} (You bought it in a shop on level 1 of the
                  | Vaults)
 69908 | Vaults:1 | Reached XP level 20. HP: 208/208 MP: 2/36
 70237 | Vaults:1 | Reached skill level 16 in Earth Magic
 70239 | Vaults:1 | Reached skill level 15 in Maces & Flails
 71381 | Vaults:2 | Found a transporter.
 71425 | Vaults:2 | Noticed Jory
 71434 | Vaults:2 | HP: 131/271 [Jory/+0 battleaxe of draining (10)]
 72070 | Vaults:2 | Reached skill level 15 in Fighting
 72451 | Vaults:2 | Killed Jory
 73159 | Vaults:2 | Reached skill level 13 in Spellcasting
 74066 | Vaults:3 | Noticed Mennas
 74579 | Elf:1    | Entered Level 1 of the Elven Halls
 75870 | Elf:1    | Found Geny's Magic Scroll Emporium.
 75878 | Elf:1    | Bought a scroll of acquirement for 884 gold pieces
 75926 | Elf:1    | Found Nogha's Distillery.
 76035 | Elf:1    | Reached skill level 16 in Fighting
 76206 | Elf:1    | Found Elaen's Antique Weapon Shoppe.
 76312 | Elf:1    | Found Bamowu Tyong's General Store.
 76320 | Elf:1    | Bought a potion of heal wounds for 85 gold pieces
 76343 | Elf:1    | Noticed Nikola
 76348 | Elf:1    | Killed Nikola
 76349 | Elf:1    | Reached XP level 21. HP: 222/222 MP: 12/38
 76500 | Elf:1    | Found Hopal's Antique Armour Shop.
 76509 | Elf:1    | Bought an ominously black robe for 182 gold pieces
 76509 | Elf:1    | Identified the +0 robe "Zaherh Irhi" {-Tele Harm Regen+
                  | Slay+3} (You bought it in a shop on level 1 of the Elven
                  | Halls)
 77424 | Elf:2    | Reached skill level 14 in Spellcasting
 77776 | Elf:2    | Found a radiant altar of Vehumet.
 77785 | Elf:2    | Found Lijakoz's Distillery.
 78355 | Elf:2    | Found a huge runed translucent gate.
 78357 | Elf:2    | Found a huge runed translucent gate.
 78363 | Elf:2    | Found a huge runed translucent gate.
 78364 | Elf:2    | Found a huge runed translucent gate.
 78364 | Elf:2    | Found a huge runed translucent gate.
 78423 | Elf:3    | Entered Level 3 of the Elven Halls
 78575 | Elf:3    | Reached skill level 16 in Maces & Flails
 78742 | Elf:3    | Found Filimij's Antique Armour Shoppe.
 78977 | Elf:3    | Noticed Asterion
 78986 | Elf:3    | Noticed Louise
 78987 | Elf:3    | Killed Asterion
 78988 | Elf:3    | Reached skill level 17 in Earth Magic
 79439 | Elf:3    | Killed Louise
 79868 | Elf:3    | Identified the ring "Dallufe" {+Fly rF+ AC+4}
 80106 | Elf:3    | Reached skill level 17 in Fighting
 80479 | Elf:3    | Identified the ring of Xouvo {Wiz rF+ Dex+3}
 80526 | Elf:3    | Cast into level 2 of the Abyss (a deep elf sorcerer)
 80672 | Abyss:2  | Found a burning altar of Makhleb.
 80701 | Abyss:2  | Reached skill level 2 in Stealth
 80910 | Abyss:3  | sleeves: !abyss
 81004 | Abyss:3  | Reached skill level 3 in Stealth
 81175 | Abyss:3  | Reached skill level 4 in Stealth
 81197 | Abyss:3  | Gained mutation: You have an increased reservoir of magic.
                  | (+10% MP) [a neqoxec]
 81200 | Abyss:3  | Gained mutation: Armour fits poorly on your strangely
                  | shaped body. [a neqoxec]
 81200 | Abyss:3  | Gained mutation: You possess an exceptional clarity of
                  | mind. [a neqoxec]
 81213 | Elf:3    | Escaped the Abyss
 81318 | Elf:3    | Identified the +0 robe of Hairiness {rF+ rC- Will+ Str+8}
 81318 | Elf:3    | Identified the ring "Sorph" {rPois rF+ rN+ Str+2 Int-5}
 81320 | Elf:3    | Reached skill level 5 in Stealth
 81337 | Elf:3    | Reached XP level 22. HP: 236/236 MP: 10/44
 81478 | Elf:3    | Identified the ring of Dawn {rElec rCorr}
 81486 | Elf:3    | Reached skill level 6 in Stealth
 81704 | Elf:3    | Identified Vayxuokko's Compendium of Twisted Companions
 81760 | Elf:3    | Identified the Handbook of Clay and the Volcanoes
 82018 | Elf:3    | Acquired 1163 gold pieces
 82020 | Elf:3    | Acquired 990 gold pieces
 83229 | Spider:4 | Got a gossamer rune of Zot
 83941 | Depths:1 | Entered Level 1 of the Depths
 84053 | Depths:1 | Reached skill level 15 in Spellcasting
 84118 | Depths:1 | Found Unycupli's General Store.
 84133 | Depths:1 | Bought a scroll of teleportation for 57 gold pieces
 84180 | Depths:1 | Found a huge runed gate.
 84180 | Depths:1 | Found a huge runed gate.
 84180 | Depths:1 | Found a huge runed gate.
 84186 | Depths:1 | Found a huge runed gate.
 84187 | Depths:1 | Found a huge runed gate.
 84191 | Depths:1 | Found a huge runed gate.
 84194 | Depths:1 | HP: 100/236 [flayed ghost/flay_damage (37)]
 84196 | Depths:1 | HP: 46/236 [flayed ghost/flay_damage (25)]
 84235 | Depths:1 | HP: 127/301 [disintegration (46)]
 84237 | Depths:1 | Found a gateway to a ziggurat.
 84237 | Depths:1 | Found a huge runed gate.
 84237 | Depths:1 | Found a huge runed gate.
 84237 | Depths:1 | Found a huge runed gate.
 84237 | Depths:1 | Found a huge runed gate.
 84237 | Depths:1 | Found a huge runed gate.
 84237 | Depths:1 | Found a huge runed gate.
 84237 | Depths:1 | Found a huge runed gate.
 84237 | Depths:1 | Found a huge runed gate.
 84239 | Depths:1 | Found a huge runed gate.
 84252 | Depths:1 | Noticed Mara
 84266 | Depths:1 | HP: 149/301 [Mara/bolt of fire (8)]
 84269 | Depths:1 | Killed Mara
 84286 | Depths:1 | HP: 144/306 [frost giant/bolt of cold (47)]
 84583 | Depths:1 | Reached skill level 18 in Earth Magic
 84730 | Depths:1 | Found a huge runed gate.
 84730 | Depths:1 | Found a huge runed gate.
 84731 | Depths:1 | Found a huge runed gate.
 84741 | Depths:1 | Found a huge runed gate.
 85019 | Depths:1 | HP: 89/236 [flayed ghost/flay_damage (35)]
 85320 | Depths:1 | Found a huge runed gate.
 85321 | Depths:1 | Found a huge runed gate.
 85322 | Depths:1 | Found a huge runed gate.
 85452 | Depths:1 | Found a huge runed gate.
 85452 | Depths:1 | Found a huge runed gate.
 85453 | Depths:1 | Found a huge runed gate.
 85460 | Depths:1 | Found a huge runed gate.
 85460 | Depths:1 | Found a huge runed gate.
 85466 | Depths:1 | Found a huge runed gate.
 85467 | Depths:1 | Found a huge runed gate.
 85468 | Depths:1 | Found a huge runed gate.
 85543 | Depths:1 | Identified the Reference Book on Unholy Arts
 85694 | Depths:1 | Found a gateway to Hell.
 85870 | Depths:1 | Learned a level 9 spell: Shatter
 86753 | Depths:2 | Identified the +5 scythe "Sikirr" {elec, *Rage rElec rN+
                  | Stlth+}
 86919 | Depths:2 | Learned a level 8 spell: Borgnjor's Revivification
 87025 | Depths:2 | Reached skill level 1 in Necromancy
 87255 | Depths:2 | Reached skill level 2 in Necromancy
 87330 | Depths:2 | Reached skill level 19 in Earth Magic
 87654 | Depths:2 | Reached skill level 3 in Necromancy
 88321 | Depths:2 | Reached XP level 23. HP: 244/244 MP: 35/46
 88424 | Depths:2 | Reached skill level 4 in Necromancy
 88700 | Depths:2 | Noticed a caustic shrike
 88712 | Depths:2 | Killed a caustic shrike
 88943 | Depths:2 | Reached skill level 5 in Necromancy
 89888 | Vaults:1 | Bought the -2 hat of the Alchemist {rElec rPois rF+ rC+ rN+
                  | Will+ rMut rCorr} for 4720 gold pieces
 89888 | Vaults:1 | Found the -2 hat of the Alchemist {rElec rPois rF+ rC+ rN+
                  | Will+ rMut rCorr}
 90094 | Depths:3 | Reached skill level 6 in Necromancy
 90405 | Depths:3 | Reached skill level 7 in Necromancy
 90496 | Depths:3 | Noticed a golden dragon
 90507 | Depths:3 | Killed a golden dragon
 90511 | Depths:3 | Identified the +4 dagger of Forced Transition {flame, rPois
                  | Will+}
 90779 | Depths:3 | Reached skill level 8 in Necromancy
 90950 | Depths:3 | Found a one-way gate leading to the halls of Pandemonium.
 91099 | Depths:3 | Reached skill level 20 in Earth Magic
 91416 | Depths:2 | Identified the +7 quarterstaff of the End {speed, *Rage
                  | rPois rC+}
 91815 | Depths:3 | Reached skill level 9 in Necromancy
 91858 | Depths:3 | Noticed Saint Roka
 91874 | Depths:3 | Killed Saint Roka
 92364 | Depths:4 | Found a one-way gate to the infinite horrors of the Abyss.
 92498 | Depths:4 | Reached XP level 24. HP: 253/253 MP: 26/46
 92727 | Depths:4 | Identified the ring "Waefafa" {+Fly rF++ Dex+5 Stlth+}
 92832 | Depths:4 | Identified the +8 quarterstaff "Xeriz" {protect, *Contam
                  | Int+2 Dex+4}
 92908 | Depths:4 | Noticed an ancient lich
 92917 | Depths:4 | Killed an ancient lich
 92918 | Depths:4 | Reached skill level 10 in Necromancy
 92957 | Depths:4 | Identified the Grimoire of the Twisted Mountains
 92962 | Depths:4 | Identified the ring of Quoniun {Ice *Corrode rPois Will+
                  | Int+5}
 93985 | Depths:5 | Entered Level 5 of the Depths
 93992 | Depths:5 | Paralysed by a floating eye for 3 turns
 94400 | Depths:5 | Reached skill level 11 in Necromancy
 95114 | Depths:5 | Reached skill level 21 in Earth Magic
 95244 | Depths:5 | Found a gate to the Realm of Zot.
 96456 | Vaults:3 | Identified the +2 rapier of Efomigubb {drain, +Inv}
 96901 | Vaults:3 | Reached skill level 12 in Necromancy
 98047 | Vaults:3 | Found a staircase to the Crypt.
 98286 | Vaults:3 | Reached XP level 25. HP: 257/257 MP: 39/46
 98650 | Vaults:4 | Found a ruined gateway.
 98741 | Desolati | Entered the Desolation of Salt
 98978 | Desolati | Identified the +9 morningstar "Ogreslayer" {flame, rC- rN+
                  | Will++ Dex-3}
 99075 | Desolati | Reached skill level 13 in Necromancy
 99513 | Desolati | Identified the ring of Alibonlo {Ice +Blink}
 99514 | Desolati | Identified the ring "Seobom" {Wiz rElec}
 99525 | Desolati | Identified the +0 leather armour of a Billion Beds {Dex+4}
 99709 | Desolati | Identified the +4 spear of Famine {elec, Dex+3}
 99721 | Desolati | Identified the Volume of Flight and Dark Rites
 99723 | Desolati | Identified the ring "Olluh" {rC+ Str+6 Dex+2 SInv}
 99730 | Desolati | Identified Evicsupt's Volume of the Ashen Voyage
 99736 | Desolati | Identified the Guide on Burning Calling
100001 | Vaults:4 | Reached skill level 22 in Earth Magic
100160 | Vaults:4 | Reached skill level 14 in Necromancy
101405 | Vaults:4 | Noticed Margery
101413 | Vaults:4 | Killed Margery
101414 | Vaults:4 | Reached skill level 15 in Necromancy
101750 | Vaults:5 | Entered Level 5 of the Vaults
101815 | Vaults:5 | Reached XP level 26. HP: 271/271 MP: 24/46
102117 | Vaults:5 | Noticed Xtahua
102119 | Vaults:5 | Reached skill level 17 in Maces & Flails
102121 | Vaults:5 | HP: 173/352 [storm dragon (9)]
102124 | Vaults:5 | Noticed Bai Suzhen
102260 | Vaults:5 | Reached skill level 16 in Necromancy
102261 | Vaults:5 | Killed Bai Suzhen
102777 | Vaults:5 | Killed Xtahua
103455 | Vaults:5 | Identified the ring "Rosonux" {Ice *Slow Int+4 SInv}
103718 | Vaults:5 | Identified the ring "Myteoc" {Slay+4 Stlth+}
103907 | Vaults:5 | Identified the ring of the Raven {rPois rF+ Will+ Str+5
                  | Int-4}
103946 | Vaults:5 | Identified the ring of the Dragon {rF+ Will+ EV+4 Str-2
                  | SInv}
103947 | Vaults:5 | Found the macabre finger necklace {rN+}
104266 | Vaults:5 | Got a silver rune of Zot
104267 | Vaults:5 | Identified the Catalogue of Air
104349 | Vaults:5 | Reached XP level 27. HP: 279/279 MP: 36/46
104440 | Vaults:5 | Identified the +9 spear "Xiry" {venom, rC+}
105099 | Vaults:5 | Learned a level 4 spell: Passage of Golubria
105106 | Vaults:5 | Learned a level 6 spell: Dispersal
105531 | Slime:1  | Entered Level 1 of the Pits of Slime
106436 | Slime:1  | HP: 181/362 [acid (16)]
106441 | Slime:1  | HP: 126/362 [acid (2)]
106936 | Slime:1  | Reached skill level 18 in Maces & Flails
106940 | Slime:2  | HP: 128/279 [slime creature (14)]
106949 | Slime:1  | Reached skill level 7 in Stealth
106955 | Slime:1  | HP: 97/279 [acid (5)]
106960 | Slime:1  | HP: 91/279 [acid (4)]
107319 | Slime:1  | Reached skill level 6 in Translocations
107826 | Slime:2  | Reached skill level 23 in Earth Magic
108261 | Slime:4  | Reached skill level 17 in Necromancy
108267 | Slime:4  | Reached skill level 7 in Translocations
108278 | Slime:4  | Reached skill level 8 in Stealth
108471 | Slime:5  | Entered Level 5 of the Pits of Slime
108478 | Slime:5  | Reached skill level 18 in Fighting
108633 | Slime:5  | Reached skill level 8 in Translocations
108751 | Slime:5  | Reached skill level 9 in Stealth
108934 | Slime:5  | Found a viscous altar of Jiyva.
108941 | Slime:5  | Noticed the Royal Jelly
108960 | Slime:5  | HP: 174/366 [the Royal Jelly (28)]
108965 | Slime:4  | HP: 104/366 [acid blob/splash of acid[the Royal Jelly] (1)]
109427 | Slime:3  | Reached skill level 9 in Translocations
109497 | Slime:4  | HP: 179/366 [acid blob/splash of acid[the Royal Jelly] (8)]
109921 | Slime:5  | Got a slimy rune of Zot
110175 | Slime:5  | HP: 176/366 [slime creature (12)]
110181 | Slime:5  | HP: 113/366 [titanic slime creature (9)]
110186 | Slime:5  | HP: 112/366 [slime creature (5)]
110535 | Slime:5  | HP: 109/282 [the Royal Jelly (34)]
110617 | Slime:4  | HP: 172/366 [acid (4)]
111100 | Slime:5  | Identified the +1 robe "Fiolit" {*Drain rPois Regen+ MP+9}
111145 | Slime:5  | Identified the amulet "Wilu" {Acrobat +Inv rPois rC- Str-2}
111333 | Lair:6   | Bought a scroll of magic mapping for 63 gold pieces
111339 | Lair:6   | Bought an embroidered cloak for 165 gold pieces
111595 | D:12     | You paid a toll of 6 scrolls of fear to enter a treasure
                  | trove
111596 | Trove    | Entered a treasure trove
111601 | Trove    | Found the +4 robe of Augmentation {Str+4 Int+4 Dex+4}
111620 | Trove    | Identified the +0 hat "Fyxkinna" {rF++ rN+++ Dex-2 Stlth-}
112046 | Lair:6   | Bought the ring "Gogor" {rElec rPois rC+ Int+9 Slay-4} for
                  | 818 gold pieces
112071 | Lair:6   | sleeves: ??starburst
112071 | Lair:6   | beem: starburst[1/1]: L6 Fire/Cj spell that fires a bolt of
                  | fire in all 8 directions. New in 0.25.
112449 | Zot:1    | Entered Level 1 of the Realm of Zot
112494 | Zot:1    | Found a runed translucent gate.
112494 | Zot:1    | Found a runed translucent gate.
112497 | Zot:1    | Found a runed translucent gate.
112497 | Zot:1    | Found an opulent altar of Gozag.
112497 | Zot:1    | Found Qaeth's Assorted Antiques.
112500 | Zot:1    | Noticed Gyroff's ghost (legendary DsFi)
112665 | Zot:1    | Reached skill level 10 in Stealth
112665 | Zot:1    | Reached skill level 1 in Fire Magic
112773 | Depths:5 | HP: 183/367 [Gyroff's ghost (9)]
113145 | Zot:1    | Reached skill level 10 in Translocations
113145 | Zot:1    | Reached skill level 2 in Fire Magic
113170 | Zot:1    | Bought a scroll of blinking for 285 gold pieces
113503 | Zot:1    | Reached skill level 3 in Fire Magic
114088 | Zot:1    | Reached skill level 11 in Stealth
114159 | Zot:1    | Reached skill level 4 in Fire Magic
114493 | Zot:1    | Found Quedupp's Changing Room.
115526 | Zot:2    | Reached skill level 5 in Fire Magic
115535 | Zot:2    | HP: 133/283 [green draconian monk (26)]
115543 | Zot:2    | HP: 180/367 [green draconian monk (5)]
115695 | Zot:2    | Reached skill level 13 in Conjurations
115836 | Zot:2    | Reached skill level 12 in Stealth
116011 | Zot:2    | HP: 134/283 [purple draconian/bolt of dispelling energy
                  | (46)]
116016 | Zot:2    | HP: 158/367 [yellow draconian/+0 scimitar (1)]
116019 | Zot:2    | Reached skill level 6 in Fire Magic
116795 | Zot:2    | Found a transporter.
116860 | Zot:2    | Found a transporter.
117063 | Zot:2    | Identified the ring "Tiuwer" {+Blink Will+}
117514 | Zot:2    | Identified the +2 mace "Tiekkuz" {flame, rF+}
117525 | Zot:2    | Identified the ring of Surprise {rElec rF+ Dex+6 Stlth-}
117830 | Zot:2    | Reached skill level 7 in Fire Magic
118709 | Zot:3    | Reached skill level 13 in Stealth
119132 | Zot:3    | Reached skill level 14 in Conjurations
119132 | Zot:3    | Reached skill level 8 in Fire Magic
120249 | Zot:3    | Reached skill level 9 in Fire Magic
120984 | Zot:4    | Identified the +9 war axe "Rynwap" {vorpal, Str-3 Int+4
                  | Dex+2}
121901 | Zot:5    | Entered Level 5 of the Realm of Zot
121914 | Zot:5    | Reached skill level 10 in Fire Magic
122049 | Zot:5    | Reached skill level 14 in Stealth
122049 | Zot:5    | Reached skill level 15 in Conjurations
123296 | Zot:5    | HP: 183/367 [white draconian monk (17)]
123304 | Zot:5    | HP: 180/367 [white draconian annihilator/poison arrow (5)]
123834 | Zot:5    | Reached skill level 11 in Fire Magic
124129 | Zot:5    | Noticed an orb of fire
124435 | Depths:4 | Voluntarily entered the Abyss.
124435 | Abyss:1  | Found a corrupted altar of Lugonu.
124437 | Abyss:1  | Noticed a dread lich
124441 | Abyss:1  | Killed a dread lich
124566 | Abyss:2  | sleeves: ??rmut
124566 | Abyss:2  | beem: resist mutation[1/3]: Comes from an amulet of resist
                  | mutation (removed in 0.18), the {hat of the Alchemist}, the
                  | {lajatang of order}, a mutation itself (3 levels), and Zin.
                  | The amulet and lajatang provide a 67% chance to prevent
                  | mutations, but mutations from {contam} have a 50% chance of
                  | bypassing rMut. If you are undead, rMut can block
                  | mutation-induced rotting with the same chances.
124601 | Abyss:2  | Found a corrupted altar of Lugonu.
125005 | Abyss:2  | Identified the ring "Vezel" {+Fly Int+3}
125601 | Abyss:3  | Reached skill level 16 in Conjurations
125683 | Abyss:3  | HP: 178/367 [smoke demon/divine providence (8)]
125756 | Abyss:3  | Got an abyssal rune of Zot
125762 | Abyss:3  | HP: 166/367 [ettin/+0 giant spiked club of distortion (24)]
125817 | Abyss:3  | HP: 175/367 [hell knight/+1 demon whip (9)]
125822 | Abyss:3  | HP: 158/367 [hell knight/+2 great mace of flaming (22)]
125825 | Abyss:3  | Reached skill level 12 in Fire Magic
125826 | Abyss:3  | Reached skill level 16 in Spellcasting
125829 | Abyss:3  | HP: 140/367 [black draconian monk/bolt of lightning (13)]
126115 | Depths:4 | Escaped the Abyss
126209 | Depths:4 | Acquired a +2 spectral giant spiked club
126211 | Depths:4 | Acquired 846 gold pieces
126583 | Lair:6   | Bought a book of Annihilations for 1876 gold pieces
126885 | Hell     | Entered the Vestibule of Hell
126885 | Hell     | Noticed Geryon
127553 | Hell     | Reached skill level 13 in Fire Magic
127689 | Hell     | Reached skill level 17 in Spellcasting
128099 | Hell     | Killed Geryon
128678 | Hell     | Found a gateway to the Iron City of Dis.
128738 | Hell     | Found a gateway to the freezing wastes of Cocytus.
128847 | Hell     | Found a gateway to the decaying netherworld of Tartarus.
128857 | Hell     | Learned a level 8 spell: Lehudib's Crystal Spear
128924 | Hell     | Found a gateway to the ashen valley of Gehenna.
129130 | Coc:1    | Entered Level 1 of Cocytus
129132 | Coc:1    | Reached skill level 17 in Conjurations
130359 | Coc:3    | HP: 175/358 [??? (36)]
130364 | Coc:3    | Reached skill level 10 in Transmutations
130378 | Coc:3    | HP: 168/366 [flying skull (7)]
130402 | Coc:3    | HP: 174/367 [phantasmal warrior (10)]
130407 | Hell     | HP: 160/367 [skeletal warrior/+0 battleaxe (8)]
131050 | Coc:3    | Reached skill level 11 in Transmutations
131251 | Coc:6    | HP: 137/283 [wight/+0 long sword (13)]
131865 | Coc:6    | Reached skill level 12 in Transmutations
132157 | Coc:7    | Entered Level 7 of Cocytus
132248 | Coc:7    | HP: 156/367 [??? (32)]
132258 | Coc:7    | HP: 148/367 [ice dragon/blast of cold (9)]
132267 | Coc:7    | HP: 139/367 [tentacle[a kraken zombie] (8)]
132637 | Coc:1    | Reached skill level 19 in Maces & Flails
132857 | Coc:5    | HP: 159/367 [??? (32)]
133380 | Coc:5    | HP: 177/367 [shard shrike/shard of ice[the effects of Hell]
                  | (34)]
133385 | Coc:5    | HP: 141/367 [ice dragon zombie[the effects of Hell] (2)]
133405 | Coc:5    | HP: 163/367 [something (1)]
133449 | Coc:5    | HP: 163/367 [shard shrike/shard of ice[the effects of Hell]
                  | (36)]
133459 | Coc:5    | HP: 172/367 [something (2)]
133516 | Coc:6    | HP: 139/283 [shard shrike[the effects of Hell] (7)]
133525 | Coc:6    | HP: 138/367 [bone dragon[the effects of Hell] (7)]
133922 | Coc:2    | Reached skill level 20 in Maces & Flails
134153 | Coc:6    | Found a huge runed gate.
134154 | Coc:6    | Found a huge runed gate.
134289 | Coc:7    | Reached skill level 21 in Maces & Flails
134338 | Coc:7    | HP: 171/367 [??? (35)]
134348 | Coc:7    | HP: 100/367 [??? (20)]
134922 | Coc:4    | You fall into a shaft and drop 1 floor!
134976 | Coc:5    | HP: 177/367 [shard shrike[the effects of Hell] (13)]
135021 | Coc:7    | HP: 171/367 [??? (35)]
135023 | Coc:7    | HP: 83/367 [??? (17)]
135033 | Hell     | HP: 161/330 [Ice Fiend (14)]
135717 | Coc:7    | HP: 155/330 [reaper/+4 scythe of protection[the effects of
                  | Hell] (25)]
135718 | Coc:7    | Reached skill level 22 in Maces & Flails
135722 | Coc:7    | HP: 78/330 [reaper/+4 scythe of protection[the effects of
                  | Hell] (18)]
136373 | Coc:7    | Noticed Antaeus
136388 | Coc:7    | HP: 161/330 [Antaeus/bolt of lightning (12)]
136393 | Coc:7    | HP: 98/330 [Antaeus/bolt of lightning (12)]
136396 | Coc:7    | HP: 39/330 [Antaeus (44)]
136400 | Coc:7    | Identified the +7 war axe of Kasm {vorpal, rC+ Str+3}
136404 | Coc:7    | Identified the +5 flail of Dafir {speed, rPois}
136460 | Coc:7    | HP: 135/330 [something (1)]
136465 | Coc:7    | HP: 109/330 [quicksilver dragon skeleton[the effects of
                  | Hell] (2)]
136728 | Coc:7    | HP: 165/330 [Antaeus (10)]
136731 | Coc:7    | HP: 78/330 [Antaeus (15)]
136734 | Coc:7    | Killed Antaeus
136753 | Coc:7    | Got an icy rune of Zot
136787 | Coc:7    | HP: 102/330 [reaper/+4 scythe of freezing (5)]
136790 | Coc:7    | Reached skill level 14 in Fire Magic
136809 | Coc:7    | HP: 92/330 [water elemental (2)]
136826 | Coc:7    | HP: 108/330 [Ice Fiend/bolt of cold[the effects of Hell]
                  | (1)]
136831 | Coc:7    | HP: 104/330 [Ice Fiend[the effects of Hell] (2)]
137205 | Hell     | Learned a level 8 spell: Necromutation
137227 | Dis:1    | Entered Level 1 of the Iron City of Dis
137576 | Dis:1    | Learned a level 6 spell: Starburst
137737 | Dis:2    | HP: 148/330 [reaper/+0 scythe of flaming (25)]
137742 | Dis:2    | HP: 103/330 [reaper/+0 scythe of flaming (2)]
137749 | Dis:2    | HP: 70/330 [reaper/+0 scythe of flaming (11)]
137756 | Dis:2    | HP: 67/330 [dire elephant zombie (3)]
138315 | Dis:2    | HP: 155/330 [skeletal warrior/+0 war axe[the effects of
                  | Hell] (11)]
138321 | Dis:2    | HP: 81/330 [skeletal warrior/+1 vorpal long sword[the
                  | effects of Hell] (14)]
138347 | Dis:2    | HP: 96/330 [rust devil[the effects of Hell] (1)]
139119 | Dis:2    | Reached skill level 18 in Conjurations
139386 | Dis:3    | Reached skill level 18 in Necromancy
139404 | Dis:3    | HP: 151/330 [skeletal warrior/+0 flail[the effects of Hell]
                  | (15)]
139409 | Dis:3    | HP: 117/330 [red devil/+0 trident[the effects of Hell] (9)]
139414 | Dis:3    | HP: 74/330 [skeletal warrior/+0 flail[the effects of Hell]
                  | (12)]
139419 | Dis:3    | HP: 44/330 [soul eater[the effects of Hell] (11)]
139424 | Dis:3    | HP: 32/330 [red devil/+0 trident[the effects of Hell] (9)]
140033 | Dis:3    | HP: 163/330 [ettin skeleton (13)]
140038 | Dis:3    | HP: 109/330 [reaper/+3 scythe of protection (16)]
140450 | Dis:3    | Reached skill level 15 in Fire Magic
140626 | Dis:4    | HP: 150/330 [??? (31)]
140650 | Dis:4    | HP: 159/330 [balrug/divine providence[the effects of Hell]
                  | (14)]
141233 | Dis:4    | HP: 143/330 [iron giant/iron shot (43)]
141824 | Dis:5    | HP: 163/330 [bone dragon[the effects of Hell] (7)]
141830 | Dis:5    | HP: 151/330 [manticore zombie (13)]
141835 | Dis:5    | HP: 151/330 [manticore zombie (1)]
141859 | Dis:5    | HP: 158/330 [reaper/+3 scythe of venom (13)]
141955 | Dis:5    | HP: 164/330 [??? (34)]
142043 | Dis:5    | HP: 162/330 [hellion/damnation[the effects of Hell] (24)]
142062 | Dis:5    | HP: 85/252 [something (2)]
142081 | Dis:5    | HP: 124/327 [hell hound/blast of flame[the effects of Hell]
                  | (3)]
142103 | Dis:5    | HP: 103/330 [something (17)]
142108 | Dis:5    | HP: 75/330 [something (11)]
142564 | Dis:2    | Reached skill level 18 in Spellcasting
142819 | Dis:5    | HP: 117/254 [skeletal warrior/+0 long sword[the effects of
                  | Hell] (19)]
142826 | Dis:5    | HP: 102/330 [skeletal warrior/+0 scimitar[the effects of
                  | Hell] (8)]
142839 | Dis:5    | HP: 114/330 [hell hound[the effects of Hell] (1)]
142846 | Dis:5    | HP: 110/330 [hell hound[the effects of Hell] (2)]
143332 | Dis:7    | Entered Level 7 of the Iron City of Dis
143427 | Dis:7    | HP: 123/254 [war gargoyle/+5 morningstar of draining (19)]
143445 | Dis:7    | HP: 101/330 [shadow dragon zombie[the effects of Hell] (8)]
143923 | Dis:4    | Reached skill level 19 in Conjurations
144019 | Dis:5    | Reached skill level 16 in Fire Magic
144107 | Dis:7    | Reached skill level 19 in Necromancy
144156 | Dis:7    | HP: 160/330 [war gargoyle/+0 dire flail (8)]
144164 | Dis:7    | HP: 150/330 [quicksilver dragon/bolt of dispelling energy
                  | (2)]
144173 | Dis:7    | HP: 143/330 [alligator zombie (3)]
144413 | Dis:7    | Acquired 800 gold pieces
144542 | Dis:7    | HP: 157/330 [iron troll (11)]
144549 | Dis:7    | HP: 153/330 [iron troll (9)]
144551 | Dis:7    | Reached skill level 19 in Spellcasting
144558 | Dis:7    | HP: 128/330 [Ice Fiend/bolt of cold (7)]
144582 | Dis:7    | HP: 93/330 [Hell Sentinel/damnation[the effects of Hell]
                  | (32)]
144618 | Dis:7    | HP: 116/330 [tormentor (1)]
145052 | Dis:7    | HP: 165/330 [wraith (5)]
145060 | Dis:7    | HP: 125/330 [quicksilver dragon/bolt of dispelling energy
                  | (28)]
145083 | Dis:7    | HP: 107/330 [reaper/+2 scythe of pain (5)]
145144 | Dis:7    | HP: 123/330 [iron giant/harpoon shot[the effects of Hell]
                  | (21)]
145472 | Dis:7    | HP: 154/330 [skeletal warrior/+0 trident[the effects of
                  | Hell] (14)]
145477 | Dis:7    | Reached skill level 17 in Fire Magic
145478 | Dis:7    | HP: 145/330 [skeletal warrior/+0 trident[the effects of
                  | Hell] (2)]
145873 | Dis:7    | HP: 154/330 [Hell Sentinel (14)]
145875 | Dis:7    | HP: 76/330 [Hell Sentinel (17)]
145882 | Dis:7    | HP: 131/299 [reaper/+4 scythe of flaming (33)]
145890 | Dis:7    | HP: 82/299 [iron golem (10)]
146006 | Dis:7    | Reached skill level 20 in Conjurations
146302 | Dis:7    | Reached skill level 20 in Spellcasting
146348 | Dis:7    | HP: 91/299 [iron giant/iron shot (68)]
146362 | Dis:7    | Identified the +8 hunting sling "Bippamuj" {vorpal, Str+5
                  | Dex+3}
146392 | Dis:7    | HP: 100/200 [frost giant zombie[the effects of Hell] (1)]
146646 | Dis:7    | HP: 129/260 [Brimstone Fiend (12)]
146648 | Dis:7    | Reached skill level 18 in Fire Magic
146733 | Dis:7    | HP: 129/260 [war gargoyle/+2 dire flail of venom (15)]
146858 | Dis:7    | Found the +4 staff of Dispater
146858 | Dis:7    | Noticed Dispater
146882 | Dis:7    | HP: 118/260 [Dispater/the +4 staff of Dispater (13)]
146884 | Dis:7    | HP: 56/260 [Hell Sentinel[Dispater] (13)]
146890 | Dis:7    | Killed Dispater
146922 | Dis:7    | Identified the Almanac of Flying Poisoning
146926 | Dis:7    | Got an iron rune of Zot
146930 | Dis:7    | Identified the Grimoire of Creative Evil Secrets
147020 | Dis:7    | HP: 67/176 [???[the effects of Hell] (42)]
147032 | Dis:7    | HP: 75/228 [Tzitzimitl[the effects of Hell] (5)]
147420 | Hell     | Bought a pitted troll leather armour for 920 gold pieces
147420 | Hell     | Identified the +1 troll leather armour of the New World
                  | {-Tele Regen+ Dex+5} (You bought it in a shop in the
                  | Vestibule of Hell)
147423 | Hell     | Bought the ring of Ubliv {+Fly rElec rF++ rN+ Int+6} for
                  | 1926 gold pieces
147438 | Hell     | Learned a level 9 spell: Fire Storm
148139 | Zig:1    | Entered Level 1 of a ziggurat
148183 | Zig:2    | Entered Level 2 of a ziggurat
148222 | Zig:3    | Entered Level 3 of a ziggurat
148300 | Zig:3    | Identified the +2 quarterstaff "Oculoag" {freeze, Will+}
148378 | Zig:4    | Entered Level 4 of a ziggurat
148384 | Zig:4    | Reached skill level 19 in Fire Magic
148433 | Zig:4    | Identified the +1 shortbow "Boufu" {venom, *Drain Int+5
                  | Dex+5}
148440 | Zig:4    | Identified the +1 plate armour of Ynuso {+Blink Will++
                  | Str-5}
148444 | Zig:5    | Entered Level 5 of a ziggurat
148447 | Zig:5    | Noticed Atlas's ghost (legendary DsIE)
148466 | Zig:5    | Killed Atlas's ghost
148588 | Zig:6    | Entered Level 6 of a ziggurat
148635 | Zig:6    | Acquired 702 gold pieces
148706 | Zig:7    | Entered Level 7 of a ziggurat
148826 | Zig:7    | Identified the +1 chain mail of Hedge Wizardry {rN+}
148895 | Zig:8    | Entered Level 8 of a ziggurat
148933 | Zig:8    | Reached skill level 20 in Fire Magic
148938 | Zig:8    | HP: 63/176 [Killer Klown/klown pie (30)]
149256 | Zig:8    | Identified the ring of Weajer {Will++ Str-2 Int+6 Slay+5}
149277 | Zig:8    | Identified the +2 trident of the Enchanted Forest {vorpal,
                  | rElec rC+ rN+ Dex-5}
149279 | Zig:8    | Identified the +7 morningstar of Mymmom {flame, +Fly rPois
                  | rN++ Will-}
149281 | Zig:8    | Identified the +5 rapier "Xepnoiv" {protect, *Corrode MP+9
                  | Dex+3}
149283 | Zig:8    | Identified the +11 hunting sling "Roapidgh" {flame, rC+
                  | Stlth+}
149318 | Zig:9    | Entered Level 9 of a ziggurat
149505 | Zig:9    | Identified the +3 scale mail of Shielding {rF+ Will- Regen+
                  | rCorr}
149546 | Zig:10   | Entered Level 10 of a ziggurat
149677 | Zig:10   | Identified the +7 glaive "sleeves's Doom" {freeze, rC+}
149681 | Zig:10   | Identified the +9 scythe "Iquat" {vorpal, Will+ Int+6}
149764 | Zig:11   | Entered Level 11 of a ziggurat
149768 | Zig:11   | Noticed a juggernaut
149770 | Zig:11   | Noticed a juggernaut
149772 | Zig:11   | Noticed a juggernaut
149775 | Zig:11   | Killed a juggernaut
149775 | Zig:11   | Killed a juggernaut
149775 | Zig:11   | Killed a juggernaut
149781 | Zig:11   | Found the amulet of Vitality {Regen+ HP+15}
150107 | Zig:12   | Entered Level 12 of a ziggurat
150116 | Zig:12   | Noticed a dread lich
150119 | Zig:12   | Noticed a dread lich
150121 | Zig:12   | Noticed a dread lich
150126 | Zig:12   | Killed a dread lich
150128 | Zig:12   | Killed a dread lich
150128 | Zig:12   | Killed a dread lich
150130 | Zig:12   | Reached skill level 21 in Fire Magic
150132 | Zig:12   | HP: 85/176 [vault warden/bolt (19)]
150133 | Zig:12   | HP: 34/176 [tengu reaver/+2 vorpal dire flail (19)]
150134 | Zig:12   | Reached skill level 21 in Conjurations
150444 | Zig:12   | Identified the +0 longbow of the Demagogue {venom, *Drain
                  | rF+ Will+}
150463 | Zig:13   | Entered Level 13 of a ziggurat
151020 | Zig:13   | HP: 110/228 [??? (22)]
151579 | Zig:13   | Identified the +10 halberd of Eternal Harmony {venom, rF+++
                  | rN+ Str-5 Int-2}
151608 | Zig:14   | Entered Level 14 of a ziggurat
151838 | Zig:14   | Identified the Reference Book on Damaging Companions
151934 | Zig:15   | Entered Level 15 of a ziggurat
151941 | Zig:15   | Noticed a juggernaut
151946 | Zig:15   | Noticed a juggernaut
151947 | Zig:15   | Noticed a juggernaut
151951 | Zig:15   | Killed a juggernaut
151951 | Zig:15   | Killed a juggernaut
151951 | Zig:15   | Killed a juggernaut
152130 | Zig:15   | Identified the +6 scale mail of the Quahog {rC+}
152181 | Zig:15   | Reached skill level 22 in Fire Magic
152210 | Zig:16   | Entered Level 16 of a ziggurat
152232 | Zig:16   | Reached skill level 22 in Conjurations
152233 | Zig:16   | Reached skill level 2 in Evocations
152235 | Zig:16   | Reached skill level 3 in Evocations
152243 | Zig:16   | HP: 79/178 [something (17)]
152527 | Zig:16   | Identified the Tome of Entrancing Battle Magic
152529 | Zig:16   | Identified the +8 quarterstaff of the Muttering Seeker
                  | {protect, rN+}
152552 | Zig:16   | Identified the +10 falchion of Duogiu {antimagic, rC+}
152674 | Zig:17   | Entered Level 17 of a ziggurat
152706 | Zig:17   | Reached skill level 15 in Stealth
152709 | Zig:17   | Reached skill level 10 in Dodging
152728 | Zig:17   | Reached skill level 19 in Fighting
152781 | Zig:17   | Reached skill level 4 in Evocations
152918 | Zig:17   | Identified the Tome of the Magi
152920 | Zig:17   | Identified the ring "Xima" {+Fly Will+ Int+4 Stlth+}
152965 | Zig:17   | Identified the amulet of Laocil {Reflect Dex+3 SH+5}
152972 | Zig:17   | Identified the ring of Haug {+Blink rC+ Int+6 Dex+3}
152989 | Zig:17   | Identified the +11 longbow of Amorality {venom, rElec
                  | rPois}
153131 | Geh:1    | Entered Level 1 of Gehenna
153191 | Geh:2    | HP: 116/234 [golden dragon skeleton (5)]
153199 | Geh:2    | HP: 109/234 [reaper/+0 scythe of flaming (6)]
153207 | Geh:2    | HP: 109/234 [wight/+0 dagger (5)]
153225 | Geh:3    | HP: 116/234 [balrug/fireball (5)]
153230 | Hell     | HP: 103/234 [burnt (1)]
153522 | Hell     | Bought a runed cloak for 292 gold pieces
153530 | Hell     | Bought a distressingly furry robe for 193 gold pieces
153530 | Hell     | Identified the +0 robe "Weerur" {rPois Will+} (You bought
                  | it in a shop in the Vestibule of Hell)
154624 | Geh:2    | Reached skill level 20 in Fighting
155022 | Geh:5    | Reached skill level 21 in Spellcasting
155422 | Geh:3    | Reached skill level 16 in Stealth
155755 | Geh:4    | HP: 111/244 [Hell Sentinel/damnation (54)]
156314 | Geh:5    | HP: 122/244 [reaper/+2 vorpal scythe (13)]
156319 | Geh:5    | HP: 79/244 [wight/+4 spear (2)]
156326 | Geh:5    | HP: 77/244 [red devil/+0 trident (6)]
156700 | Geh:4    | Reached skill level 21 in Fighting
156705 | Geh:4    | HP: 121/245 [hellion/damnation (13)]
157013 | Geh:4    | HP: 105/245 [Hell Sentinel (21)]
157018 | Hell     | HP: 67/245 [Hell Sentinel/damnation (25)]
157020 | Hell     | HP: 14/245 [Hell Sentinel/damnation (38)]
157239 | Geh:5    | HP: 107/217 [sun demon[a balrug] (15)]
157754 | Geh:5    | You fall into a shaft and drop 1 floor!
157843 | Geh:7    | Entered Level 7 of Gehenna
157869 | Geh:7    | HP: 105/219 [molten gargoyle/+1 vorpal mace (11)]
157889 | Geh:7    | HP: 73/169 [molten gargoyle/bolt of magma (8)]
158359 | Geh:7    | Reached skill level 22 in Spellcasting
158705 | Geh:7    | HP: 106/222 [Brimstone Fiend/damnation (34)]
158710 | Geh:7    | HP: 91/222 [??? (18)]
158797 | Geh:7    | Reached skill level 22 in Fighting
158846 | Geh:7    | Reached skill level 17 in Stealth
158869 | Geh:7    | HP: 97/222 [reaper/+3 scythe of protection (25)]
158875 | Geh:7    | HP: 65/222 [frost giant zombie (5)]
158887 | Geh:7    | HP: 72/222 [something (1)]
159192 | Geh:1    | HP: 85/171 [reaper/+1 scythe of protection (52)]
159495 | Geh:7    | HP: 111/222 [something (2)]
159513 | Geh:7    | HP: 105/222 [Brimstone Fiend (4)]
159518 | Geh:7    | HP: 71/222 [Brimstone Fiend[the effects of Hell] (3)]
159526 | Geh:7    | HP: 72/222 [burnt (1)]
159548 | Geh:7    | HP: 80/197 [something (25)]
159555 | Geh:7    | HP: 74/197 [reaper/+4 scythe of pain[the effects of Hell]
                  | (6)]
159560 | Geh:7    | HP: 61/197 [burnt (1)]
159596 | Geh:7    | HP: 53/197 [???[the effects of Hell] (10)]
160002 | Geh:6    | HP: 92/197 [red devil/+0 trident[the effects of Hell] (11)]
160329 | Geh:7    | Found the +7 sceptre of Asmodeus
160329 | Geh:7    | Noticed Asmodeus
160359 | Geh:7    | HP: 98/197 [Asmodeus/the +7 sceptre of Asmodeus (11)]
160363 | Geh:7    | Killed Asmodeus
160364 | Geh:7    | Reached skill level 23 in Spellcasting
160364 | Geh:7    | HP: 80/200 [emperor scorpion zombie (9)]
160375 | Geh:7    | Got an obsidian rune of Zot
160378 | Geh:7    | HP: 82/200 [something (2)]
160383 | Geh:7    | HP: 71/200 [dire elephant skeleton (13)]
160661 | Hell     | Learned a level 8 spell: Disjunction
160665 | Hell     | Reached skill level 11 in Translocations
160712 | Tar:1    | Entered Level 1 of Tartarus
160736 | Tar:1    | Reached skill level 12 in Translocations
161292 | Tar:3    | HP: 99/200 [skeletal warrior/+0 war axe[a skeletal warrior]
                  | (7)]
161294 | Tar:3    | Reached skill level 23 in Fighting
161420 | Tar:4    | HP: 93/204 [reaper/+1 vorpal scythe (16)]
161908 | Tar:3    | Reached skill level 13 in Translocations
162037 | Tar:3    | HP: 95/204 [reaper/+4 vampiric scythe[the effects of Hell]
                  | (17)]
162053 | Tar:4    | Found a huge runed gate.
162053 | Tar:4    | Found a huge runed gate.
162053 | Tar:4    | Found a huge runed gate.
162053 | Tar:4    | Found a huge runed gate.
162053 | Tar:4    | Found a huge runed gate.
162053 | Tar:4    | Found a huge runed gate.
162053 | Tar:4    | Found a huge runed gate.
162053 | Tar:4    | Found a huge runed gate.
162055 | Tar:4    | HP: 82/204 [silent spectre (8)]
162108 | Tar:4    | HP: 75/157 [something (11)]
162166 | Tar:4    | HP: 73/157 [shock serpent zombie (11)]
162174 | Tar:4    | Found a huge runed gate.
162331 | Tar:4    | Reached skill level 24 in Spellcasting
162344 | Tar:4    | Noticed a dread lich
162344 | Tar:4    | Noticed an ancient lich
162344 | Tar:4    | Noticed an ancient lich
162344 | Tar:4    | Noticed an ancient lich
162344 | Tar:4    | Noticed a dread lich
162344 | Tar:4    | Noticed a dread lich
162346 | Tar:4    | Killed a dread lich
162346 | Tar:4    | Killed an ancient lich
162346 | Tar:4    | Killed an ancient lich
162346 | Tar:4    | Killed a dread lich
162346 | Tar:4    | Killed an ancient lich
162347 | Tar:4    | Reached skill level 25 in Spellcasting
162347 | Tar:4    | Killed a dread lich
162389 | Tar:4    | HP: 78/157 [bone dragon[a doom hound] (24)]
162852 | Tar:4    | Reached skill level 26 in Spellcasting
162924 | Tar:4    | HP: 98/204 [???[the effects of Hell] (20)]
162929 | Tar:4    | HP: 84/204 [???[the effects of Hell] (17)]
162960 | Tar:5    | HP: 85/204 [reaper/+3 scythe of freezing (19)]
163469 | Tar:5    | HP: 99/204 [doom hound (5)]
163475 | Tar:5    | HP: 100/204 [shadow dragon[a doom hound] (2)]
163481 | Tar:5    | HP: 67/204 [???[a doom hound] (13)]
163487 | Tar:5    | HP: 24/204 [phantasmal warrior (22)]
163937 | Tar:4    | You fall into a shaft and drop 2 floors!
164165 | Tar:6    | Reached skill level 27 in Spellcasting
164169 | Tar:6    | HP: 96/204 [quicksilver dragon zombie (13)]
164174 | Tar:6    | HP: 74/204 [quicksilver dragon zombie (10)]
164183 | Tar:7    | Entered Level 7 of Tartarus
164637 | Tar:7    | Noticed an ancient lich
164639 | Tar:7    | Killed an ancient lich
165015 | Tar:7    | HP: 100/206 [reaper/+4 scythe of venom (14)]
165016 | Tar:7    | Noticed a dread lich
165022 | Hell     | HP: 86/206 [shadow dragon (1)]
165434 | Tar:7    | Noticed the Serpent of Hell
165704 | Tar:7    | HP: 66/159 [something (21)]
165706 | Tar:7    | Reached skill level 24 in Fighting
166150 | Tar:7    | HP: 78/161 [disintegration (62)]
166153 | Tar:7    | HP: 26/161 [shot self (53)]
166641 | Hell     | Learned a level 9 spell: Death's Door
166758 | Tar:7    | Killed the Serpent of Hell
166761 | Tar:7    | Cast into level 3 of the Abyss (reaper)
167532 | Tar:7    | Escaped the Abyss
167534 | Tar:7    | HP: 74/163 [shadow wraith (15)]
168165 | Tar:6    | HP: 81/163 [bone dragon (6)]
168166 | Tar:6    | HP: 29/163 [bone dragon (14)]
168170 | Tar:6    | HP: 5/163 [hellion/damnation (25)]
168818 | Tar:7    | HP: 103/211 [soul eater (4)]
168824 | Tar:7    | HP: 86/211 [shadow dragon (8)]
169238 | Tar:7    | Reached skill level 23 in Fire Magic
169335 | Tar:7    | Got a bone rune of Zot
169487 | Pan      | Entered Pandemonium
169541 | Pan      | HP: 93/211 [infernal demonspawn/+3 demon whip (17)]
169546 | Pan      | HP: 67/211 [reaper/+2 scythe of protection (1)]
169551 | Pan      | Noticed Vyngenne the pandemonium lord
169551 | Pan      | HP: 43/211 [smoke demon/divine providence (16)]
169560 | Pan      | Killed Vyngenne the pandemonium lord
169561 | Pan      | Reached skill level 25 in Fighting
169561 | Pan      | Reached skill level 24 in Earth Magic
169853 | Pan      | Entered the realm of Mnoleg.
169898 | Pan      | Gained mutation: You are agile. (Dex +2) [a neqoxec]
170109 | Pan      | HP: 93/192 [white ugly thing (10)]
170359 | Pan      | Noticed Mnoleg
170380 | Pan      | HP: 65/148 [eldritch tentacle[Mnoleg] (31)]
170380 | Pan      | HP: 27/148 [large abomination[Mnoleg] (8)]
171081 | Pan      | Killed Mnoleg
171164 | Pan      | Got a glowing rune of Zot
171437 | Pan      | HP: 69/148 [sixfirhy[a cacodemon] (8)]
171444 | Pan      | HP: 55/148 [cacodemon (4)]
171445 | Pan      | HP: 26/148 [cacodemon (18)]
171450 | Pan      | HP: 41/148 [cacodemon (11)]
171456 | Pan      | HP: 20/148 [sixfirhy[a cacodemon] (5)]
171456 | Pan      | HP: 9/148 [sixfirhy[a cacodemon] (3)]
171462 | Pan      | Reached skill level 20 in Necromancy
171491 | Pan      | HP: 85/182 [cacodemon (10)]
171499 | Pan      | HP: 8/182 [disintegration (45)]
171500 | Pan      | Blown up by a cacodemon

Illustrated notes

Levels and vault maps discovered:
D:1:      minmay_arrival_four_houses, layout_basic, serial_shops,
          nicolae_shop_behind_doors, shop, shop, nicolae_shop_waterfront,
          kennysheep_crisscross, minmay_misc_feat_encased, st_stairs_14,
          hangedman_decor_points, chequers_jeans
D:2:      layout_rooms, lemuel_round_altar, serial_shops, shop, shop, shop, shop
D:3:      layout_rooms, tgw_trog, chequers_temple_overflow_statue_of_worship,
          fedhas_altar_fruit_tree
D:4:      layout_basic, nicolae_tso_besieged_by_evil, serial_shops, shop
D:5:      layout_cave_pools, ebering_ghost_reflecting_pool
D:6:      layout_basic, minmay_temple_entry_antechambers, serial_shops, shop,
          minmay_misc_feat_square, nemelex_spade_bored_becter
D:7:      layout_basic, enter_bailey_3, uniq_duvessa
D:8:      layout_loops_cross, minmay_misc_feat_diagonals, kennysheep_boxes
D:9:      layout_basic, nicolae_overflow_hidden_temple,
          grunt_lair_entry_orc_guard_hut, chequers_serial_rivers_marsh
D:10:     layout_cave_pools, orc_0_dummy
D:11:     layout_long_grid
D:12:     hangedman_screamer, layout_irregular_city,
          nicolae_trove_entry_isolated, serial_shops, nicolae_shop_stone,
          nicolae_shop_window_shopping, shop_coins
D:13:     layout_rooms
D:14:     gammafunk_mikee_crab_dinner, layout_grid_maze, david_vaults_4,
          serial_shops, bzr_entry_lakeside
D:15:     hangedman_depths_entry_civil_slaughter, layout_loops_ring, hex_tiny,
          grunt_decor_resistance, chequers_arboretum, tgw_xom
Temple:   oiseaux_autumnal_temple
Lair:1:   layout_cellular_growth, kennysheep_rathole, uniq_sonja
Lair:2:   layout_gridlike, ice2_lemuel, uniq_fannar
Lair:3:   layout_misc_corridors, nicolae_spider_entry_tight_spaces,
          serial_bayou_pond_c, st_stairs_8, infiniplex_staircase_pool
Lair:4:   layout_cave_pods, elwin_shoals_entry_stream, minivault_26,
          mumra_transporter_accident, st_stairs_13,
          grunt_forest_small_clearing_treed, uniq_snorg, uniq_josephine
Lair:5:   layout_roguey, serial_bayou_shore_a, serial_bayou_shore_b,
          lemuel_fruit_tree, minmay_lair_oklob_chamber
Lair:6:   minmay_lair_end_enchanted_forest, layout_gridlike, slime_altar_1,
          lemuel_oklob_altar, lemuel_fruit_fields
Shoals:1: layout_shoals, uniq_kirke
Shoals:2: layout_shoals
Shoals:3: cheibrodos_shoals_three_sisters, layout_shoals
Shoals:4: shoals_end_hangedman, layout_shoals, ebering_ghost_disaster_area
Spider:1: layout_spider_delve, drop_trap, hangedman_spider_tarantella_strand
Spider:2: layout_spider_delve
Spider:3: layout_spider_delve, nicolae_orb_stairs, uniq_roxanne, uniq_agnes
Spider:4: grunt_spider_rune_circles, spiders_nest_hornet_nest, uniq_aizul,
          uniq_arachne
Slime:1:  cheibrodos_slime_lost_civilization_2, layout_caves
Slime:2:  cheibrodos_slime_lost_civilization_10, layout_caves
Slime:3:  layout_caves
Slime:4:  layout_caves
Slime:5
Orc:1:    layout_caves, basic_altar, uniq_erica
Orc:2:    st_orc_elflike, layout_caves, serial_shops, shop_coins,
          nicolae_shop_crystal, nicolae_shop_statue_plus, shop, shop_fountains
Elf:1:    eino_elf_arrival_shootout, layout_geoelf_diagonals, serial_shops,
          shop, shop, shop, shop, shop, hangedman_elven_crosses_minicolossus,
          glass_columns_b, drop_trap, uniq_nikola
Elf:2:    layout_loops_cross, basic_altar, serial_shops, shop,
          grunt_ministairs_10
Elf:3:    elf_hall, layout_loops_cross, minmay_shop_star, uniq_louise,
          uniq_asterion
Vaults:1: vaults_dpeg_spiral, vaults_room_hallway,
          kennysheep_vaults_gozag_temple, vaults_dpeg_ring,
          vaults_mumra_chevron, nicolae_vaults_yaktaur_gun_rack,
          vaults_room_pool, ontoclasm_vaults_decontamination,
          ontoclasm_vaults_eye, vaults_room_door_ring, ontoclasm_vaults_pinch,
          vaults_dpeg_encased_lava, layout_vaults_omnigrid, serial_shops,
          bzr_entry_water
Vaults:2: grunt_vaults_bifocal, emtedronai_trogs_sanctum,
          nicolae_vaults_big_angled_halls, nicolae_vaults_theta,
          dpeg_vaults_monster_row, vaults_mumra_minichess, v_alt_pattern_5,
          v_pattern_5, hangedman_vaults_corner_blocks, layout_vaults_omnibox,
          uniq_jory
Vaults:3: minmay_crypt_entry_simple_walls, grunt_vaults_funnel,
          vaults_room_corners, st_quartered_hall, hangedman_vaults_locks,
          vaults_dpeg_diagonal, nicolae_vaults_asterisk, vaults_room_hallway,
          layout_vaults_chaotic_city, uniq_mennas
Vaults:4: hangedman_vaults_slice, vaults_standard_mumra_x,
          vaults_room_grunt_arrival_ludios, nicolae_vaults_bisected_slash,
          nicolae_vaults_little_squares_4, v_misc_15, hangedman_vaults_snaps,
          st_cells, ontoclasm_vaults_chip, ontoclasm_vaults_shuriken,
          dpeg_vaults_monster_box, nicolae_vaults_theta,
          nicolae_vaults_rhombus_6, layout_vaults_big_cross,
          portal_desolation_entry_ruin, uniq_margery
Vaults:5: uniq_xtahua, uniq_bai_suzhen
Depths:1: layout_cave_pools, enter_ziggurat_f, hangedman_tar_grid_catacomb,
          dk_noncrumbling_4, serial_shops, shop, special_room
          [special_room_morgue], drop_trap, nrook_campfire, door_vault,
          uniq_mara
Depths:2: cell_vault, layout_gridlike, hellmouth_1,
          amcnicky_mini_rare_corridor_liquid, firewood_loft
Depths:3: minmay_the_grid_triangle_9x9_line_8_mashed
          [minmay_the_grid_triangle_9x9_semitri,
          minmay_the_grid_triangle_9x9_alien,
          minmay_the_grid_triangle_9x9_zippers_vertical,
          minmay_the_grid_triangle_9x9_stretched_checkered,
          minmay_the_grid_triangle_9x9_zippers_horizontal,
          minmay_the_grid_triangle_9x9_skeleton,
          minmay_the_grid_triangle_9x9_swiss_cheese,
          minmay_the_grid_triangle_9x9_prize_center], layout_gridville,
          grunt_hell_horde, grunt_pan_entry_zigzag, hangedman_decor_push,
          hangedman_abyss_or_decor_stagger, statue_in_the_mist_lemuel,
          uniq_saint_roka
Depths:4: minmay_fractal_lines_corner, layout_honeycomb, dk_noncrumbling_3,
          abyss_entry_glasseish, hell_entry, serial_bayou_shore_b
Depths:5: evilmike_zot_entry_diamond, layout_gridlike, hell_entry
Hell
Dis:1:    layout_gridville, grunt_megastairs_4
Dis:2:    layout_subdivisions, hangedman_dis_chains, nicolae_dis_hell_towers
Dis:3:    layout_chaotic_city, door_vault
Dis:4:    layout_subdivisions
Dis:5:    layout_regular_city, hangedman_dis_decor_blocks_crown
Dis:6:    layout_subdivisions
Dis:7:    dis_grunt_layers
Geh:1:    layout_gehenna_lava_caves
Geh:2:    layout_gehenna_lava_caves
Geh:3:    layout_gehenna_lava_caves, lemuel_flamethrower_3
Geh:4:    layout_gehenna_pools_basic
Geh:5:    layout_gehenna_lava_caves
Geh:6:    layout_gehenna_pools_triple
Geh:7:    geh_old
Coc:1:    layout_ice_bergs
Coc:2:    layout_cocytus_water_paths
Coc:3:    layout_cocytus_water_paths
Coc:4:    layout_ice_bergs
Coc:5:    layout_ice_bergs
Coc:6:    layout_ice_bergs, door_vault
Coc:7:    coc_dpeg
Tar:1:    layout_honeycomb, nicolae_tar_cuneiform_oil
Tar:2:    layout_grid_maze
Tar:3:    layout_honeycomb
Tar:4:    layout_honeycomb, door_vault
Tar:5:    layout_honeycomb, nicolae_tar_cuneiform_city
Tar:6:    layout_cathedral_of_symmetry, grunt_megastairs_1
Tar:7:    tar_grunt_cathedral
Zot:1:    layout_basic, ebering_ghost_gozag, nicolae_transmutations_shop
Zot:2:    gammafunk_dig_for_victory, layout_gridlike, grunt_megastairs_2
Zot:3:    layout_gridlike
Zot:4:    layout_basic
Zot:5:    layout_gridlike, st_stairs_3, grunt_ministairs_4
Pan:      evilmike_mini_pan_possible_glass, layout_chambers,
          pan_blood_fountain_small, evilmike_mini_pan_corridor, layout_basic,
          nicolae_pan_strange_glyphs [nicolae_pan_strange_glyph_melancholia],
          nicolae_pan_sigil_eeng, nicolae_pan_mnolegish_5,
          reaverb_pan_chaos_star, evilmike_mini_pan_layers,
          layout_pan_divisions_a [pan_division_quadrant_a2,
          pan_division_quadrant_a3, pan_division_quadrant_a1,
          pan_division_quadrant_a4, pan_division_octagon_divided], mnoleg_st,
          layout_pan_divisions_a [pan_division_quadrant_a2,
          pan_division_quadrant_a4, pan_division_quadrant_a4,
          pan_division_quadrant_a3, pan_division_octagon_divided],
          pan_blood_fountain, nicolae_pan_sigil_nadil

Skill      XL: |  1  2  3  4  5  6  7  8  9 10 11 12 13 14 15 16 17 18 19 20 21 22 23 24 25 26 27 |
---------------+----------------------------------------------------------------------------------+-----
Earth Magic    | 3 4 5 6 7 8 9 10 11 12 14 15 16 17 19 20 21 22 24 | 24.4
Maces & Flails | 1 2 3 4 5 7 8 10 14 15 16 17 22 | 22.0
Spellcasting   | 3 4 5 6 7 9 10 12 13 14 15 27 | 27.0
Fighting       | 4 8 10 12 14 16 17 25 | 25.7
Dodging        | 3 6 7 9 10 | 10.2
Conjurations   | 3 5 7 8 10 11 12 22 | 22.0
Transmutations | 3 6 8 9 12 | 12.0
Translocations | 2 5 13 | 13.0
Stealth        | 5 6 17 | 17.5
Necromancy     | 3 9 12 15 16 20 | 20.1
Fire Magic     | 23 | 23.5
Evocations     | 4 |  4.4

Action                   |  1- 3 |  4- 6 |  7- 9 | 10-12 | 13-15 | 16-18 | 19-21 | 22-24 | 25-27 || total
-------------------------+-------+-------+-------+-------+-------+-------+-------+-------+-------++-------
Melee: Club              |    64 |       |       |       |       |       |       |       |       ||    64
       Whip              |       |    49 |     2 |       |       |       |       |       |       ||    51
       Hand axe          |       |       |    79 |    74 |    55 |       |       |       |       ||   208
       Staff             |       |       |       |       |    48 |    10 |    23 |     8 |    78 ||   167
       Morningstar       |       |       |       |       |       |   254 |   107 |       |       ||   361
       Giant spiked club |       |       |       |       |       |       |   281 |   412 |  4149 ||  4842
 Cast: Sandblast         |    41 |    72 |   120 |    27 |     1 |       |       |       |       ||   261
       Stone Arrow       |       |       |    30 |   220 |   534 |   142 |     4 |     1 |       ||   931
       Lee's Rapid Decon |       |       |    10 |    44 |   123 |    64 |   198 |   158 |   198 ||   795
       Petrify           |       |       |     1 |     5 |    20 |     7 |     8 |     1 |       ||    42
       Blink             |       |       |       |       |     5 |     4 |     1 |       |     1 ||    11
       Bolt of Magma     |       |       |       |       |    76 |   186 |   289 |   249 |   256 ||  1056
       Apportation       |       |       |       |       |    19 |       |     1 |       |    45 ||    65
       Statue Form       |       |       |       |       |     1 |    79 |    44 |    55 |   342 ||   521
       Iron Shot         |       |       |       |       |       |    41 |    18 |    67 |   154 ||   280
       Shatter           |       |       |       |       |       |       |       |       |   487 ||   487
       Lehudib's Crystal |       |       |       |       |       |       |       |       |    92 ||    92
       Fire Storm        |       |       |       |       |       |       |       |       |    73 ||    73
       Necromutation     |       |       |       |       |       |       |       |       |    39 ||    39
       Passage of Golubr |       |       |       |       |       |       |       |       |    25 ||    25
       Dispersal         |       |       |       |       |       |       |       |       |    18 ||    18
       Borgnjor's Revivi |       |       |       |       |       |       |       |       |     8 ||     8
       Disjunction       |       |       |       |       |       |       |       |       |     5 ||     5
Invok: Potion Petition   |       |       |       |       |       |       |       |     1 |     7 ||     8
       Call Merchant     |       |       |       |       |       |       |       |       |    14 ||    14
 Abil: Evoke Flight      |       |       |       |       |     2 |       |       |     1 |    61 ||    64
       End Transformatio |       |       |       |       |       |     4 |     1 |     1 |    22 ||    28
       Stop Flying       |       |       |       |       |       |       |       |       |     9 ||     9
Evoke: Wand              |       |       |       |     4 |    10 |     5 |       |       |    15 ||    34
       Phantom mirror    |       |       |       |       |     1 |     2 |     1 |       |     1 ||     5
       Staff of Dispater |       |       |       |       |       |       |       |       |     2 ||     2
  Use: Scroll            |       |       |     9 |     6 |    16 |    14 |    19 |    10 |    56 ||   130
       Potion            |       |       |       |     1 |     1 |     6 |     1 |       |    40 ||    49
 Stab: Sleeping          |     1 |       |       |       |       |       |       |       |    29 ||    30
       Distracted        |       |     1 |       |     1 |       |       |     5 |     4 |   108 ||   119
Armor: Robe              |    26 |    22 |    47 |    88 |   102 |    16 |    14 |    12 |   117 ||   444
       Skin              |       |       |       |       |    16 |  1399 |   489 |   563 |  4711 ||  7178
Dodge: Dodged            |    39 |    43 |    62 |   140 |   235 |  1341 |   764 |   533 |  4040 ||  7197
Block: Other             |       |       |       |       |       |       |   120 |   134 |       ||   254
       Reflection        |       |       |       |       |       |       |    13 |     3 |       ||    16

Table legend: (Time is in decaauts) A = Elapsed time spent in this place. B = Non-inter-level travel time spent in this place. C = Inter-level travel time spent in this place. D = Time resting spent in this place. E = Time spent auto-exploring this place. F = Levels seen in this place. G = Mean time per level. A B C D E F G +--------+--------+--------+--------+--------+-----+--------+ Total | 186006 | 173284 | 12722 | 34502 | 97625 | 116 | 1603.5 | Dungeon | 28218 | 24171 | 4047 | 4402 | 16431 | 15 | 1881.2 | Temple | 364 | 309 | 55 | 0 | 303 | 1 | 364.0 | Lair | 19048 | 17074 | 1974 | 3506 | 11170 | 6 | 3174.7 | Shoals | 9933 | 9535 | 398 | 391 | 7917 | 4 | 2483.2 | Spider Nest | 14090 | 13596 | 494 | 4449 | 7141 | 4 | 3522.5 | Slime Pits | 6058 | 5915 | 143 | 2768 | 1595 | 5 | 1211.6 | Orcish Mines | 2702 | 2367 | 335 | 126 | 1827 | 2 | 1351.0 | Elven Halls | 7096 | 6792 | 304 | 735 | 4960 | 3 | 2365.3 | Vaults | 15917 | 14837 | 1080 | 2010 | 10488 | 5 | 3183.4 | Depths | 15736 | 14744 | 992 | 2058 | 10679 | 5 | 3147.2 | Hell | 17530 | 17368 | 162 | 5869 | 10644 | 1 | 17530.0 | Dis | 8955 | 8282 | 673 | 1836 | 761 | 7 | 1279.3 | Gehenna | 3755 | 3145 | 610 | 317 | 320 | 7 | 536.4 | Cocytus | 5508 | 5318 | 190 | 440 | 195 | 7 | 786.9 | Tartarus | 4555 | 3740 | 815 | 386 | 336 | 7 | 650.7 | Zot | 12472 | 12028 | 444 | 1002 | 9217 | 5 | 2494.4 | Abyss | 3710 | 3710 | 0 | 620 | 354 | 6 | 618.3 | Pandemonium | 2081 | 2081 | 0 | 1255 | 5 | 4 | 520.2 | Ziggurat | 5059 | 5059 | 0 | 1789 | 1822 | 17 | 297.6 | Bazaar | 791 | 791 | 0 | 0 | 600 | 2 | 395.5 | Trove | 101 | 101 | 0 | 0 | 0 | 1 | 101.0 | Bailey | 922 | 922 | 0 | 537 | 0 | 1 | 922.0 | Desolation | 1395 | 1395 | 0 | 0 | 854 | 1 | 1395.0 | +--------+--------+--------+--------+--------+-----+--------+

Top non-repeatable levels by time:
    Hell: 17530 daAuts
Spider:2: 5200 daAuts
Depths:2: 4469 daAuts
  Lair:5: 4320 daAuts
Vaults:4: 4288 daAuts
  Lair:6: 4213 daAuts
   Dis:7: 4030 daAuts
Depths:1: 4017 daAuts
   Zot:2: 3836 daAuts
Spider:3: 3749 daAuts
Vaults:1: 3606 daAuts
    D:14: 3350 daAuts
    D:12: 3265 daAuts
Spider:1: 3213 daAuts
  Lair:3: 3207 daAuts
